Workbook

Sheet РАСЧЕТ
L2: ПРИЛОЖЕНИЕ № 3
L3: Утвержден
L4: приказом и.о.директора
L5: КОГБУСО "Кировский дом- интернат для престарелых и инвалидов"
L6: от 25.03.2026 № 43-од
B8: РАСЧЕТ тарифа по предоставлению платных услуг в отделении временного проживания КОГБУСО "Кировский дом- интернат для престарелых и инвалидов"
B10: (наименование учреждения)
A11: № п/п | B11: Наименование услуги | C11: Норма времени, утвержденная приказом министра социального развития Кировской области (час.) | D11: Часовой фонд (Ч) оплаты труда персонала, оказывающего услугу (руб.), из приложения 2 | E11: Социальные отчисления (СО) на часовой фонд оплаты труда персонала, оказывающего услугу (руб.) | F11: Материальные затраты (МЗ) в расчете на один час оплаты труда персонала, оказывающего услугу (руб.) из приложения 3 | G11: Прочие прямые затраты (ПП) в расчете на один час оплаты труда персонала, оказывающего услугу (руб.) из приложения 4 | H11: Всего прямые расходы (ПРу) на 1 услугу (руб.) гр.8=гр.3 х (гр.4+гр.5+гр.6+ гр.7) | I11: Коэффициент косвенных расходов (Ккр) из приложения 9 | J11: Косвенные расходы (КРу) на 1 услугу (руб.) | K11: Подушевой норматив финансирования (руб), за одну оказанную услугу (гр. 11 = гр. 8 + гр. 10) | L11: периодичность предоставления | M11: Группа ухода - мобильные | N11: Группа ухода - маломобильные | O11: Группа ухода - немобильные | P11: Примечание (тариф/расчет)
B12: 2 | C12: 3 | D12: 4 | E12: 5 | F12: 6 | G12: 7 | H12: 8 | I12: 9 | J12: 10 | K12: 11
A13: 3.1.1. | B13: Предоставление жилых помещений, помещений для организации социально-реабилитационных и социокультурных мероприятий | C13: Х | D13: Х | E13: Х | F13: Х | G13: Х | H13: Х | I13: Х | J13: Х | K13: =прил.5!J13 -> 261.45333 | L13: ежедневно | M13: 261.45 | N13: 261.45 | O13: 261.45 | P13: расчет
A14: 3.1.2.(1) | B14: Обеспечение питанием согласно утвержденным нормативам (для совершеннолетних в стационарных организациях (отделениях) социального обслуживания ). | C14: Х | D14: Х | E14: Х | F14: Х | G14: Х | H14: Х | I14: Х | J14: Х | K14: 353.4 | L14: ежедневно | M14: 353.4 | N14: 353.4 | O14: 353.4 | P14: с 01.01.2026
A15: 3.1.2.1. | B15: Оказание помощи при приеме пищи | C15: 0.16 | D15: =прил.2!I222 -> 180.87056 | E15: =D15*30.2/100 -> 54.622909 | F15: =прил.3!I222 -> 22.920667 | G15: =прил.4!F222 -> 0 | H15: =C15*SUM(D15:G15) -> 41.346262 | I15: =прил.9!C115 -> 0.76646072 | J15: =H15*I15 -> 31.690286 | K15: =H15+J15 -> 73.036548 | L15: ежедневно | M15: 0 | N15: 0 | O15: 42.52 | P15: с 01.01.2026
A16: 3.1.2.2. | B16: Оказание помощи в передвижении по помещению | C16: 0.18 | D16: =прил.2!I223 -> 180.87056 | E16: =D16*30.2/100 -> 54.622909 | F16: =прил.3!I223 -> 0 | G16: =прил.4!F223 -> 0 | H16: =C16*SUM(D16:G16) -> 42.388825 | I16: =прил.9!C115 -> 0.76646072 | J16: =H16*I16 -> 32.489369 | K16: =H16+J16 -> 74.878194 | L16: ежедневно | M16: 0 | N16: 22.68 | O16: 22.68 | P16: с 01.01.2026
A17: 3.1.3. | B17: Предоставление в пользование мебели согласно утвержденным нормативам | C17: Х | D17: Х | E17: Х | F17: Х | G17: Х | H17: Х | I17: Х | J17: Х | K17: =прил.5!J19 -> 33.752751 | L17: ежедневно | M17: 25.21 | N17: 25.21 | O17: 25.21 | P17: с 01.01.2026
A18: 3.1.4. | B18: Обеспечение книгами, журналами, газетами, настольными играми, иным инвентарем для организации досуга | C18: Х | D18: Х | E18: Х | F18: Х | G18: Х | H18: Х | I18: Х | J18: Х | K18: =прил.5!J20 -> 7.4833167 | L18: ежедневно | M18: 7.48 | N18: 7.48 | O18: 7.48 | P18: расчет
A19: 3.1.5. | B19: Обеспечение мягким инвентарем (одеждой, обувью и постельными принадлежностями) согласно утвержденным нормативам | C19: Х | D19: Х | E19: Х | F19: Х | G19: Х | H19: Х | I19: Х | J19: Х | K19: =прил.5!J21 -> 30.695899 | L19: ежедневно | M19: 53.14 | N19: 53.14 | O19: 53.14 | P19: с 01.01.2026
A20: 3.1.6. | B20: Стирка одежды и постельного белья, чистка одежды | C20: 1.42 | D20: =прил.2!I227 -> 181.07394 | E20: =D20*30.2/100 -> 54.684329 | F20: =прил.3!I227 -> 42.681657 | G20: =прил.4!F227 -> 42.681657 | H20: =C20*SUM(D20:G20) -> 455.99264 | I20: =прил.9!C115 -> 0.76646072 | J20: =H20*I20 -> 349.50045 | K20: =H20+J20 -> 805.4931 | L20: по мере необходимости | M20: 299.32 | N20: 299.32 | O20: 299.32 | P20: с 01.01.2026
A21: 3.1.9.1. | B21: Умывание | C21: 0.07 | D21: =прил.2!I230 -> 180.87056 | E21: =D21*30.2/100 -> 54.622909 | F21: =прил.3!I230 -> 0 | G21: =прил.4!F230 -> 0 | H21: =C21*SUM(D21:G21) -> 16.484543 | I21: =прил.9!C115 -> 0.76646072 | J21: =H21*I21 -> 12.634755 | K21: =H21+J21 -> 29.119298 | L21: ежедневно | M21: 0 | N21: 0 | O21: 29.12 | P21: расчет
A22: 3.1.9.2. | B22: Обтирание и (или) обмывание | C22: 0.15 | D22: =прил.2!I231 -> 180.87056 | E22: =D22*30.2/100 -> 54.622909 | F22: =прил.3!I231 -> 0 | G22: =прил.4!F231 -> 0 | H22: =C22*SUM(D22:G22) -> 35.324021 | I22: =прил.9!C115 -> 0.76646072 | J22: =H22*I22 -> 27.074474 | K22: =H22+J22 -> 62.398495 | L22: ежедневно | M22: 0 | N22: 0 | O22: 32.6 | P22: с 01.01.2026
A23: 3.1.9.3. | B23: Причесывание волос | C23: 0.08 | D23: =прил.2!I232 -> 180.87056 | E23: =D23*30.2/100 -> 54.622909 | F23: =прил.3!I232 -> 0 | G23: =прил.4!F232 -> 0 | H23: =C23*SUM(D23:G23) -> 18.839478 | I23: =прил.9!C115 -> 0.76646072 | J23: =H23*I23 -> 14.43972 | K23: =H23+J23 -> 33.279197 | L23: ежедневно | M23: 0 | N23: 0 | O23: =K23/30 -> 1.1093066 | P23: расчет
A24: 3.1.9.4. | B24: Стрижка и (или) подравнивание волос | C24: 0.15 | D24: =прил.2!I233 -> 161.93148 | E24: =D24*30.2/100 -> 48.903307 | F24: =прил.3!I233 -> 0 | G24: =прил.4!F233 -> 0 | H24: =C24*SUM(D24:G24) -> 31.625218 | I24: =прил.9!C115 -> 0.76646072 | J24: =H24*I24 -> 24.239488 | K24: =H24+J24 -> 55.864706 | L24: по мере необходимости | M24: 55.86 | N24: 55.86 | O24: 55.86 | P24: расчет
A25: 3.1.9.5. | B25: Стрижка ногтей на руках | C25: 0.12 | D25: =прил.2!I234 -> 180.87056 | E25: =D25*30.2/100 -> 54.622909 | F25: =прил.3!I234 -> 0 | G25: =прил.4!F234 -> 0 | H25: =C25*SUM(D25:G25) -> 28.259216 | I25: =прил.9!C115 -> 0.76646072 | J25: =H25*I25 -> 21.65958 | K25: =H25+J25 -> 49.918796 | L25: по мере необходимости | M25: 1.66 | N25: 1.66 | O25: =K25/30 -> 1.6639599 | P25: расчет
A26: 3.1.9.6. | B26: Стрижка ногтей на ногах | C26: 0.18 | D26: =прил.2!I235 -> 180.87056 | E26: =D26*30.2/100 -> 54.622909 | F26: =прил.3!I235 -> 0 | G26: =прил.4!F235 -> 0 | H26: =C26*SUM(D26:G26) -> 42.388825 | I26: =прил.9!C115 -> 0.76646072 | J26: =H26*I26 -> 32.489369 | K26: =H26+J26 -> 74.878194 | L26: по мере необходимости | M26: 2.5 | N26: 2.5 | O26: =K26/30 -> 2.4959398 | P26: расчет
A27: 3.1.9.8. | B27: Оказание помощи в смене нательного белья | C27: 0.15 | D27: =прил.2!I237 -> 180.87056 | E27: =D27*30.2/100 -> 54.622909 | F27: =прил.3!I237 -> 0 | G27: =прил.4!F237 -> 0 | H27: =C27*SUM(D27:G27) -> 35.324021 | I27: =прил.9!C115 -> 0.76646072 | J27: =H27*I27 -> 27.074474 | K27: =H27+J27 -> 62.398495 | L27: по мере необходимости | M27: 0 | N27: 2.08 | O27: =K27/30 -> 2.0799498 | P27: расчет
A28: 3.1.9.9. | B28: Оказание помощи в смене постельного белья | C28: 0.18 | D28: =прил.2!I238 -> 180.87056 | E28: =D28*30.2/100 -> 54.622909 | F28: =прил.3!I238 -> 0 | G28: =прил.4!F238 -> 0 | H28: =C28*SUM(D28:G28) -> 42.388825 | I28: =прил.9!C115 -> 0.76646072 | J28: =H28*I28 -> 32.489369 | K28: =H28+J28 -> 74.878194 | L28: по мере необходимости | M28: 0 | N28: 2.5 | O28: =K28/30 -> 2.4959398 | P28: расчет
A29: 3.1.9.10. | B29: Оказание помощи при вставании с постели, укладывании в постель | C29: 0.12 | D29: =прил.2!I239 -> 180.87056 | E29: =D29*30.2/100 -> 54.622909 | F29: =прил.3!I239 -> 0 | G29: =прил.4!F239 -> 0 | H29: =C29*SUM(D29:G29) -> 28.259216 | I29: =прил.9!C115 -> 0.76646072 | J29: =H29*I29 -> 21.65958 | K29: =H29+J29 -> 49.918796 | L29: по мере необходимости | M29: 0 | N29: 0 | O29: =K29/30 -> 1.6639599 | P29: расчет
A30: 3.1.9.11. | B30: Оказание помощи при одевании и (или) раздевании | C30: 0.15 | D30: =прил.2!I240 -> 180.87056 | E30: =D30*30.2/100 -> 54.622909 | F30: =прил.3!I240 -> 0 | G30: =прил.4!F240 -> 0 | H30: =C30*SUM(D30:G30) -> 35.324021 | I30: =прил.9!C115 -> 0.76646072 | J30: =H30*I30 -> 27.074474 | K30: =H30+J30 -> 62.398495 | L30: ежедневно | M30: 0 | N30: 22.68 | O30: 22.68 | P30: с 01.01.2026
A31: 3.1.9.12. | B31: Оказание помощи в помывке в ванне, душе, бане | C31: 0.45 | D31: =прил.2!I241 -> 180.87056 | E31: =D31*30.2/100 -> 54.622909 | F31: =прил.3!I241 -> 79.813441 | G31: =прил.4!F241 -> 0 | H31: =C31*SUM(D31:G31) -> 141.88811 | I31: =прил.9!C115 -> 0.76646072 | J31: =H31*I31 -> 108.75166 | K31: =H31+J31 -> 250.63977 | L31: по мере необходимости | M31: 0 | N31: 91.5 | O31: 91.5 | P31: с 01.01.2026
A32: 3.1.9.13. | B32: Оказание помощи в пользовании туалетом, судном подкладным и (или) резервуаром для сбора мочи (уткой) | C32: 0.16 | D32: =прил.2!I242 -> 180.87056 | E32: =D32*30.2/100 -> 54.622909 | F32: =прил.3!I242 -> 7.1627084 | G32: =прил.4!F242 -> 0 | H32: =C32*SUM(D32:G32) -> 38.824989 | I32: =прил.9!C115 -> 0.76646072 | J32: =H32*I32 -> 29.757829 | K32: =H32+J32 -> 68.582817 | L32: ежедневно | M32: 0 | N32: 0 | O32: 33.17 | P32: с 01.01.2026
A33: 3.1.9.14. | B33: Вынос судна подкладного и (или) резервуара для сбора мочи (утки) | C33: 0.15 | D33: =прил.2!I243 -> 180.87056 | E33: =D33*30.2/100 -> 54.622909 | F33: =прил.3!I243 -> 0 | G33: =прил.4!F243 -> 0 | H33: =C33*SUM(D33:G33) -> 35.324021 | I33: =прил.9!C115 -> 0.76646072 | J33: =H33*I33 -> 27.074474 | K33: =H33+J33 -> 62.398495 | L33: ежедневно | M33: 0 | N33: 10.88 | O33: 10.88 | P33: с 01.01.2026
A34: 3.1.9.15. | B34: Смена подгузников или абсорбирующего белья | C34: 0.1 | D34: =прил.2!I244 -> 180.87056 | E34: =D34*30.2/100 -> 54.622909 | F34: =прил.3!I244 -> 0 | G34: =прил.4!F244 -> 0 | H34: =C34*SUM(D34:G34) -> 23.549347 | I34: =прил.9!C115 -> 0.76646072 | J34: =H34*I34 -> 18.04965 | K34: =H34+J34 -> 41.598997 | L34: ежедневно | M34: 0 | N34: 22.68 | O34: 22.68 | P34: с 01.01.2026
A35: 3.1.9.16. | B35: Оказание помощи в ухаживании за зубами и (или) съемными зубными протезами | C35: 0.1 | D35: =прил.2!I245 -> 180.87056 | E35: =D35*30.2/100 -> 54.622909 | F35: =прил.3!I245 -> 0 | G35: =прил.4!F245 -> 0 | H35: =C35*SUM(D35:G35) -> 23.549347 | I35: =прил.9!C115 -> 0.76646072 | J35: =H35*I35 -> 18.04965 | K35: =H35+J35 -> 41.598997 | L35: ежедневно | M35: 0 | N35: 0 | O35: 14.18 | P35: с 01.01.2026
A36: 3.1.9.17. | B36: Оказание помощи в пользовании очками и (или) слуховыми аппаратами | C36: 0.08 | D36: =прил.2!I246 -> 180.87056 | E36: =D36*30.2/100 -> 54.622909 | F36: =прил.3!I246 -> 0 | G36: =прил.4!F246 -> 0 | H36: =C36*SUM(D36:G36) -> 18.839478 | I36: =прил.9!C115 -> 0.76646072 | J36: =H36*I36 -> 14.43972 | K36: =H36+J36 -> 33.279197 | L36: ежедневно | M36: 0 | N36: 0 | O36: 8.5 | P36: с 01.01.2026
A37: 3.2.7. | B37: Профилактика пролежней | C37: 0.42 | D37: =прил.2!I277 -> 222.94502 | E37: =D37*30.2/100 -> 67.329397 | F37: =прил.3!I277 -> 16.182946 | G37: =прил.4!F277 -> 77.180394 | H37: =C37*SUM(D37:G37) -> 161.12786 | I37: =прил.9!C115 -> 0.76646072 | J37: =H37*I37 -> 123.49818 | K37: =H37+J37 -> 284.62603 | L37: ежедневно | M37: 0 | N37: 0 | O37: 123.69 | P37: с 01.01.2026
M38: =SUM(M13:M37) -> 1060.02 | N38: =SUM(N13:N37) -> 1235.02 | O38: =SUM(O13:O37) -> 1521.5691

Sheet прил.1
B2: Расчет подушевых нормативов финансирования социальных услуг, предоставляемых поставщиками социальных услуг на территории Кировской области
B4: (наименование учреждения)
A5: № п/п | B5: Наименование услуги | C5: Норма времени, утвержденная приказом министра социального развития Кировской области (час.) | D5: Часовой фонд (Ч) оплаты труда персонала, оказывающего услугу (руб.), из приложения 2 | E5: Социальные отчисления (СО) на часовой фонд оплаты труда персонала, оказывающего услугу (руб.) | F5: Материальные затраты (МЗ) в расчете на один час оплаты труда персонала, оказывающего услугу (руб.) из приложения 3 | G5: Прочие прямые затраты (ПП) в расчете на один час оплаты труда персонала, оказывающего услугу (руб.) из приложения 4 | H5: Всего прямые расходы (ПРу) на 1 услугу (руб.) гр.8=гр.3 х (гр.4+гр.5+гр.6+ гр.7) | I5: Коэффициент косвенных расходов (Ккр) из приложения 9 | J5: Косвенные расходы (КРу) на 1 услугу (руб.) | K5: Подушевой норматив финансирования (руб), за одну оказанную услугу (гр. 11 = гр. 8 + гр. 10)
B6: 2 | C6: 3 | D6: 4 | E6: 5 | F6: 6 | G6: 7 | H6: 8 | I6: 9 | J6: 10 | K6: 11
A7: 1 | B7: Социальные услуги, предоставляемые в форме социального обслуживания на дому (городская местность)
A8: 1.1. | B8: Социально-бытовые услуги:
A9: 1.1.1. | B9: Покупка за счет средств получателя социальных услуг и доставка на дом продуктов питания, горячих обедов | C9: 0.25 | D9: =прил.2!I9 -> 86.352703 | E9: =D9*30.2/100 -> 26.078516 | F9: =прил.3!I9 -> 0 | G9: =прил.4!F9 -> 0 | H9: =C9*SUM(D9:G9) -> 28.107805 | I9: =прил.9!C115 -> 0.76646072 | J9: =H9*I9 -> 21.543529 | K9: =H9+J9 -> 49.651334
A10: 1.1.1.1 | B10: Покупка за счет средств получателя социальных услуг и доставка на дом промышленных товаров первой необходимости | C10: 0.25 | D10: =прил.2!I10 -> 86.352703 | E10: =D10*30.2/100 -> 26.078516 | F10: =прил.3!I10 -> 0 | G10: =прил.4!F10 -> 0 | H10: =C10*SUM(D10:G10) -> 28.107805 | I10: =прил.9!C115 -> 0.76646072 | J10: =H10*I10 -> 21.543529 | K10: =H10+J10 -> 49.651334
A11: 1.1.1.2 | B11: Покупка за счет средств получателя социальных услуг и доставка на дом средств санитарии и гигиены, средств ухода | C11: 0.25 | D11: =прил.2!I11 -> 86.352703 | E11: =D11*30.2/100 -> 26.078516 | F11: =прил.3!I11 -> 0 | G11: =прил.4!F11 -> 0 | H11: =C11*SUM(D11:G11) -> 28.107805 | I11: =прил.9!C115 -> 0.76646072 | J11: =H11*I11 -> 21.543529 | K11: =H11+J11 -> 49.651334
A12: 1.1.1.3 | B12: Покупка за счет средств получателя социальных услуг и доставка на дом книг, газет, журналов | C12: 0.24 | D12: =прил.2!I12 -> 86.352703 | E12: =D12*30.2/100 -> 26.078516 | F12: =прил.3!I12 -> 0 | G12: =прил.4!F12 -> 0 | H12: =C12*SUM(D12:G12) -> 26.983493 | I12: =прил.9!C115 -> 0.76646072 | J12: =H12*I12 -> 20.681787 | K12: =H12+J12 -> 47.66528
A13: 1.1.2. | B13: Помощь в приготовлении пищи из продуктов питания получателя социальных услуг | C13: 0.5 | D13: =прил.2!I13 -> 86.352703 | E13: =D13*30.2/100 -> 26.078516 | F13: =прил.3!I13 -> 0 | G13: =прил.4!F13 -> 0 | H13: =C13*SUM(D13:G13) -> 56.21561 | I13: =прил.9!C115 -> 0.76646072 | J13: =H13*I13 -> 43.087057 | K13: =H13+J13 -> 99.302667
A14: 1.1.3. | B14: Помощь в приеме пищи | C14: 0.33 | D14: =прил.2!I14 -> 86.352703 | E14: =D14*30.2/100 -> 26.078516 | F14: =прил.3!I14 -> 0 | G14: =прил.4!F14 -> 0 | H14: =C14*SUM(D14:G14) -> 37.102303 | I14: =прил.9!C115 -> 0.76646072 | J14: =H14*I14 -> 28.437458 | K14: =H14+J14 -> 65.53976
A15: 1.1.4. | B15: Содействие в обеспечении за счет средств получателя социальных услуг твердым топливом | C15: 0.4 | D15: =прил.2!I15 -> 86.352703 | E15: =D15*30.2/100 -> 26.078516 | F15: =прил.3!I15 -> 0 | G15: =прил.4!F15 -> 0 | H15: =C15*SUM(D15:G15) -> 44.972488 | I15: =прил.9!C115 -> 0.76646072 | J15: =H15*I15 -> 34.469646 | K15: =H15+J15 -> 79.442134
A16: 1.1.4.1. | B16: Топка печей при наличии печного отопления | C16: 0.43 | D16: =прил.2!I16 -> 86.352703 | E16: =D16*30.2/100 -> 26.078516 | F16: =прил.3!I16 -> 0 | G16: =прил.4!F16 -> 0 | H16: =C16*SUM(D16:G16) -> 48.345425 | I16: =прил.9!C115 -> 0.76646072 | J16: =H16*I16 -> 37.054869 | K16: =H16+J16 -> 85.400294
A17: 1.1.4.2. | B17: Доставка топлива от места хранения к печи | C17: 0.13 | D17: =прил.2!I17 -> 86.352703 | E17: =D17*30.2/100 -> 26.078516 | F17: =прил.3!I17 -> 0 | G17: =прил.4!F17 -> 0 | H17: =C17*SUM(D17:G17) -> 14.616059 | I17: =прил.9!C115 -> 0.76646072 | J17: =H17*I17 -> 11.202635 | K17: =H17+J17 -> 25.818693
A18: 1.1.4.3. | B18: Доставка воды при отсутствии центрального водоснабжения | C18: 0.15 | D18: =прил.2!I18 -> 86.352703 | E18: =D18*30.2/100 -> 26.078516 | F18: =прил.3!I18 -> 0 | G18: =прил.4!F18 -> 0 | H18: =C18*SUM(D18:G18) -> 16.864683 | I18: =прил.9!C115 -> 0.76646072 | J18: =H18*I18 -> 12.926117 | K18: =H18+J18 -> 29.7908
A19: 1.1.5. | B19: Содействие в организации ремонта жилых помещений | C19: 0.5 | D19: =прил.2!I19 -> 86.352703 | E19: =D19*30.2/100 -> 26.078516 | F19: =прил.3!I19 -> 0 | G19: =прил.4!F19 -> 0 | H19: =C19*SUM(D19:G19) -> 56.21561 | I19: =прил.9!C115 -> 0.76646072 | J19: =H19*I19 -> 43.087057 | K19: =H19+J19 -> 99.302667
A20: 1.1.6. | B20: Содействие в организации уборки жилых помещений за счет средств получателя социальных услуг, в том числе с привлечением иных лиц, служб | C20: 0.5 | D20: =прил.2!I20 -> 86.352703 | E20: =D20*30.2/100 -> 26.078516 | F20: =прил.3!I20 -> 0 | G20: =прил.4!F20 -> 0 | H20: =C20*SUM(D20:G20) -> 56.21561 | I20: =прил.9!C115 -> 0.76646072 | J20: =H20*I20 -> 43.087057 | K20: =H20+J20 -> 99.302667
A21: 1.1.6.1 | B21: Уборка жилых помещений | C21: 0.21 | D21: =прил.2!I21 -> 86.352703 | E21: =D21*30.2/100 -> 26.078516 | F21: =прил.3!I21 -> 0 | G21: =прил.4!F21 -> 0 | H21: =C21*SUM(D21:G21) -> 23.610556 | I21: =прил.9!C115 -> 0.76646072 | J21: =H21*I21 -> 18.096564 | K21: =H21+J21 -> 41.70712
A22: 1.1.7. | B22: Сдача за счет средств получателя социальных услуг вещей в стирку, химчистку, ремонт, получение их и доставка получателю социальных услуг | C22: 0.42 | D22: =прил.2!I22 -> 86.352703 | E22: =D22*30.2/100 -> 26.078516 | F22: =прил.3!I22 -> 0 | G22: =прил.4!F22 -> 0 | H22: =C22*SUM(D22:G22) -> 47.221112 | I22: =прил.9!C115 -> 0.76646072 | J22: =H22*I22 -> 36.193128 | K22: =H22+J22 -> 83.41424
A23: 1.1.8. | B23: Содействие в оплате за счет средств получателя социальных услуг жилого помещения, коммунальных услуг и услуг связи | C23: 0.33 | D23: =прил.2!I23 -> 86.352703 | E23: =D23*30.2/100 -> 26.078516 | F23: =прил.3!I23 -> 0 | G23: =прил.4!F23 -> 0 | H23: =C23*SUM(D23:G23) -> 37.102303 | I23: =прил.9!C115 -> 0.76646072 | J23: =H23*I23 -> 28.437458 | K23: =H23+J23 -> 65.53976
A24: 1.1.9. | B24: Оказание помощи в написании и прочтении писем и другой корреспонденции | C24: 0.25 | D24: =прил.2!I24 -> 86.352703 | E24: =D24*30.2/100 -> 26.078516 | F24: =прил.3!I24 -> 0 | G24: =прил.4!F24 -> 0 | H24: =C24*SUM(D24:G24) -> 28.107805 | I24: =прил.9!C115 -> 0.76646072 | J24: =H24*I24 -> 21.543529 | K24: =H24+J24 -> 49.651334
A25: 1.1.10. | B25: Содействие в предоставлении услуг почтовой связи за счет средств получателя социальных услуг | C25: 0.23 | D25: =прил.2!I25 -> 86.352703 | E25: =D25*30.2/100 -> 26.078516 | F25: =прил.3!I25 -> 0 | G25: =прил.4!F25 -> 0 | H25: =C25*SUM(D25:G25) -> 25.859181 | I25: =прил.9!C115 -> 0.76646072 | J25: =H25*I25 -> 19.820046 | K25: =H25+J25 -> 45.679227
A26: 1.1.11. | B26: Сопровождение получателя социальных услуг на прогулке | C26: 0.58 | D26: =прил.2!I26 -> 86.352703 | E26: =D26*30.2/100 -> 26.078516 | F26: =прил.3!I26 -> 0 | G26: =прил.4!F26 -> 0 | H26: =C26*SUM(D26:G26) -> 65.210107 | I26: =прил.9!C115 -> 0.76646072 | J26: =H26*I26 -> 49.980986 | K26: =H26+J26 -> 115.19109
A27: 1.1.12. | B27: Содействие в организации ритуальных услуг | C27: 2.83 | D27: =прил.2!I27 -> 86.352703 | E27: =D27*30.2/100 -> 26.078516 | F27: =прил.3!I27 -> 0 | G27: =прил.4!F27 -> 0 | H27: =C27*SUM(D27:G27) -> 318.18035 | I27: =прил.9!C115 -> 0.76646072 | J27: =H27*I27 -> 243.87274 | K27: =H27+J27 -> 562.0531
A28: 1.1.13. | B28: Содействие в направлении в стационарную организацию социального обслуживания | C28: 0.67 | D28: =прил.2!I28 -> 86.352703 | E28: =D28*30.2/100 -> 26.078516 | F28: =прил.3!I28 -> 0 | G28: =прил.4!F28 -> 0 | H28: =C28*SUM(D28:G28) -> 75.328917 | I28: =прил.9!C115 -> 0.76646072 | J28: =H28*I28 -> 57.736657 | K28: =H28+J28 -> 133.06557
A29: 1.1.14. | B29: Содействие в посещении культурных мероприятий | C29: 0.33 | D29: =прил.2!I29 -> 86.352703 | E29: =D29*30.2/100 -> 26.078516 | F29: =прил.3!I29 -> 0 | G29: =прил.4!F29 -> 0 | H29: =C29*SUM(D29:G29) -> 37.102303 | I29: =прил.9!C115 -> 0.76646072 | J29: =H29*I29 -> 28.437458 | K29: =H29+J29 -> 65.53976
A30: 1.1.15. | B30: Оказание гигиенических услуг получателям социальных услуг, не способным по состоянию здоровья самостоятельно осуществлять за собой уход:
A31: 1.1.15.1. | B31: Умывание | C31: 0.07 | D31: =прил.2!I31 -> 0 | E31: =D31*30.2/100 -> 0 | F31: =прил.3!I31 -> 0 | G31: =прил.4!F31 -> 0 | H31: =C31*SUM(D31:G31) -> 0 | I31: =прил.9!C115 -> 0.76646072 | J31: =H31*I31 -> 0 | K31: =H31+J31 -> 0
A32: 1.1.15.2. | B32: Обтирание и (или) обмывание | C32: 0.15 | D32: =прил.2!I32 -> 0 | E32: =D32*30.2/100 -> 0 | F32: =прил.3!I32 -> 0 | G32: =прил.4!F32 -> 0 | H32: =C32*SUM(D32:G32) -> 0 | I32: =прил.9!C115 -> 0.76646072 | J32: =H32*I32 -> 0 | K32: =H32+J32 -> 0
A33: 1.1.15.3. | B33: Причесывание волос | C33: 0.08 | D33: =прил.2!I33 -> 0 | E33: =D33*30.2/100 -> 0 | F33: =прил.3!I33 -> 0 | G33: =прил.4!F33 -> 0 | H33: =C33*SUM(D33:G33) -> 0 | I33: =прил.9!C115 -> 0.76646072 | J33: =H33*I33 -> 0 | K33: =H33+J33 -> 0
A34: 1.1.15.4. | B34: Подравнивание волос | C34: 0.15 | D34: =прил.2!I34 -> 0 | E34: =D34*30.2/100 -> 0 | F34: =прил.3!I34 -> 0 | G34: =прил.4!F34 -> 0 | H34: =C34*SUM(D34:G34) -> 0 | I34: =прил.9!C115 -> 0.76646072 | J34: =H34*I34 -> 0 | K34: =H34+J34 -> 0
A35: 1.1.15.5. | B35: Стрижка ногтей на руках | C35: 0.12 | D35: =прил.2!I35 -> 0 | E35: =D35*30.2/100 -> 0 | F35: =прил.3!I35 -> 0 | G35: =прил.4!F35 -> 0 | H35: =C35*SUM(D35:G35) -> 0 | I35: =прил.9!C115 -> 0.76646072 | J35: =H35*I35 -> 0 | K35: =H35+J35 -> 0
A36: 1.1.15.6. | B36: Бритье бороды и (или) усов | C36: 0.1 | D36: =прил.2!I36 -> 0 | E36: =D36*30.2/100 -> 0 | F36: =прил.3!I36 -> 0 | G36: =прил.4!F36 -> 0 | H36: =C36*SUM(D36:G36) -> 0 | I36: =прил.9!C115 -> 0.76646072 | J36: =H36*I36 -> 0 | K36: =H36+J36 -> 0
A37: 1.1.15.7. | B37: Оказание помощи в смене нательного белья | C37: 0.15 | D37: =прил.2!I37 -> 0 | E37: =D37*30.2/100 -> 0 | F37: =прил.3!I37 -> 0 | G37: =прил.4!F37 -> 0 | H37: =C37*SUM(D37:G37) -> 0 | I37: =прил.9!C115 -> 0.76646072 | J37: =H37*I37 -> 0 | K37: =H37+J37 -> 0
A38: 1.1.15.8. | B38: Оказание помощи в смене постельного белья | C38: 0.18 | D38: =прил.2!I38 -> 0 | E38: =D38*30.2/100 -> 0 | F38: =прил.3!I38 -> 0 | G38: =прил.4!F38 -> 0 | H38: =C38*SUM(D38:G38) -> 0 | I38: =прил.9!C115 -> 0.76646072 | J38: =H38*I38 -> 0 | K38: =H38+J38 -> 0
A39: 1.1.15.9. | B39: Оказание помощи при вставании с постели, укладывании в постель | C39: 0.1 | D39: =прил.2!I39 -> 0 | E39: =D39*30.2/100 -> 0 | F39: =прил.3!I39 -> 0 | G39: =прил.4!F39 -> 0 | H39: =C39*SUM(D39:G39) -> 0 | I39: =прил.9!C115 -> 0.76646072 | J39: =H39*I39 -> 0 | K39: =H39+J39 -> 0
A40: 1.1.15.10. | B40: Оказание помощи при одевании и (или) раздевании | C40: 0.15 | D40: =прил.2!I40 -> 0 | E40: =D40*30.2/100 -> 0 | F40: =прил.3!I40 -> 0 | G40: =прил.4!F40 -> 0 | H40: =C40*SUM(D40:G40) -> 0 | I40: =прил.9!C115 -> 0.76646072 | J40: =H40*I40 -> 0 | K40: =H40+J40 -> 0
A41: 1.1.15.11. | B41: Оказание помощи в помывке в бане общего пользования | C41: 1 | D41: =прил.2!I41 -> 0 | E41: =D41*30.2/100 -> 0 | F41: =прил.3!I41 -> 0 | G41: =прил.4!F41 -> 0 | H41: =C41*SUM(D41:G41) -> 0 | I41: =прил.9!C115 -> 0.76646072 | J41: =H41*I41 -> 0 | K41: =H41+J41 -> 0
A42: 1.1.15.12. | B42: Оказание помощи в помывке в ванне, душе, бане | C42: 0.45 | D42: =прил.2!I42 -> 0 | E42: =D42*30.2/100 -> 0 | F42: =прил.3!I42 -> 0 | G42: =прил.4!F42 -> 0 | H42: =C42*SUM(D42:G42) -> 0 | I42: =прил.9!C115 -> 0.76646072 | J42: =H42*I42 -> 0 | K42: =H42+J42 -> 0
A43: 1.1.15.13. | B43: Оказание помощи в пользовании туалетом, судном подкладным и (или) резервуаром для сбора мочи (уткой) | C43: 0.16 | D43: =прил.2!I43 -> 0 | E43: =D43*30.2/100 -> 0 | F43: =прил.3!I43 -> 0 | G43: =прил.4!F43 -> 0 | H43: =C43*SUM(D43:G43) -> 0 | I43: =прил.9!C115 -> 0.76646072 | J43: =H43*I43 -> 0 | K43: =H43+J43 -> 0
A44: 1.1.15.14. | B44: Вынос судна подкладного и (или) резервуара для сбора мочи (утки) | C44: 0.15 | D44: =прил.2!I44 -> 0 | E44: =D44*30.2/100 -> 0 | F44: =прил.3!I44 -> 0 | G44: =прил.4!F44 -> 0 | H44: =C44*SUM(D44:G44) -> 0 | I44: =прил.9!C115 -> 0.76646072 | J44: =H44*I44 -> 0 | K44: =H44+J44 -> 0
A45: 1.1.15.15. | B45: Смена подгузников или абсорбирующего белья | C45: 0.1 | D45: =прил.2!I45 -> 0 | E45: =D45*30.2/100 -> 0 | F45: =прил.3!I45 -> 0 | G45: =прил.4!F45 -> 0 | H45: =C45*SUM(D45:G45) -> 0 | I45: =прил.9!C115 -> 0.76646072 | J45: =H45*I45 -> 0 | K45: =H45+J45 -> 0
A46: 1.1.15.16. | B46: Оказание помощи в ухаживании за зубами и (или) съемными зубными протезами | C46: 0.1 | D46: =прил.2!I46 -> 0 | E46: =D46*30.2/100 -> 0 | F46: =прил.3!I46 -> 0 | G46: =прил.4!F46 -> 0 | H46: =C46*SUM(D46:G46) -> 0 | I46: =прил.9!C115 -> 0.76646072 | J46: =H46*I46 -> 0 | K46: =H46+J46 -> 0
A47: 1.1.15.17. | B47: Оказание помощи в пользовании очками и (или) слуховыми аппаратами | C47: 0.08 | D47: =прил.2!I47 -> 0 | E47: =D47*30.2/100 -> 0 | F47: =прил.3!I47 -> 0 | G47: =прил.4!F47 -> 0 | H47: =C47*SUM(D47:G47) -> 0 | I47: =прил.9!C115 -> 0.76646072 | J47: =H47*I47 -> 0 | K47: =H47+J47 -> 0
A48: 1.1.16. | B48: Помощь в передвижении по дому | C48: 0.18 | D48: =прил.2!I48 -> 0 | E48: =D48*30.2/100 -> 0 | F48: =прил.3!I48 -> 0 | G48: =прил.4!F48 -> 0 | H48: =C48*SUM(D48:G48) -> 0 | I48: =прил.9!C115 -> 0.76646072 | J48: =H48*I48 -> 0 | K48: =H48+J48 -> 0
A49: 1.1.17. | B49: Предоставление транспорта для перевозки получателя социальных услуг в медицинскую организацию | C49: 0.8 | D49: =прил.2!I49 -> 65.111673 | E49: =D49*30.2/100 -> 19.663725 | F49: =прил.3!I49 -> 0 | G49: =прил.4!F49 -> 0 | H49: =C49*SUM(D49:G49) -> 67.820318 | I49: =прил.9!C115 -> 0.76646072 | J49: =H49*I49 -> 51.98161 | K49: =H49+J49 -> 119.80193
A50: 1.2. | B50: Социально-медицинские услуги:
A51: 1.2.1. | B51: Содействие в оказании медицинской помощи, в том числе стоматологической помощи:
A52: 1.2.1.2. | B52: Сопровождение получателя социальных услуг в медицинскую организацию, расположенную по месту жительства получателя социальных услуг, и обратно | C52: 1 | D52: =прил.2!I52 -> 0 | E52: =D52*30.2/100 -> 0 | F52: =прил.3!I52 -> 0 | G52: =прил.4!F52 -> 0 | H52: =C52*SUM(D52:G52) -> 0 | I52: =прил.9!C115 -> 0.76646072 | J52: =H52*I52 -> 0 | K52: =H52+J52 -> 0
A53: 1.2.1.3. | B53: Посещение получателя социальных услуг в медицинской организации в случае его госпитализации | C53: 0.66 | D53: =прил.2!I53 -> 0 | E53: =D53*30.2/100 -> 0 | F53: =прил.3!I53 -> 0 | G53: =прил.4!F53 -> 0 | H53: =C53*SUM(D53:G53) -> 0 | I53: =прил.9!C115 -> 0.76646072 | J53: =H53*I53 -> 0 | K53: =H53+J53 -> 0
A54: 1.2.1.4. | B54: Содействие в получении стоматологической, в том числе зубопротезной, помощи | C54: 0.36 | D54: =прил.2!I54 -> 0 | E54: =D54*30.2/100 -> 0 | F54: =прил.3!I54 -> 0 | G54: =прил.4!F54 -> 0 | H54: =C54*SUM(D54:G54) -> 0 | I54: =прил.9!C115 -> 0.76646072 | J54: =H54*I54 -> 0 | K54: =H54+J54 -> 0
A55: 1.2.1.5. | B55: Взятие образца биологического материала для лабораторного исследования по назначению врача | C55: 0.15 | D55: =прил.2!I55 -> 0 | E55: =D55*30.2/100 -> 0 | F55: =прил.3!I55 -> 0 | G55: =прил.4!F55 -> 0 | H55: =C55*SUM(D55:G55) -> 0 | I55: =прил.9!C115 -> 0.76646072 | J55: =H55*I55 -> 0 | K55: =H55+J55 -> 0
A56: 1.2.1.6. | B56: Доставка в медицинскую организацию образца биологического материала для лабораторного исследования по назначению врача | C56: 0.64 | D56: =прил.2!I56 -> 0 | E56: =D56*30.2/100 -> 0 | F56: =прил.3!I56 -> 0 | G56: =прил.4!F56 -> 0 | H56: =C56*SUM(D56:G56) -> 0 | I56: =прил.9!C115 -> 0.76646072 | J56: =H56*I56 -> 0 | K56: =H56+J56 -> 0
A57: 1.2.2. | B57: Содействие в прохождении медико-социальной экспертизы | C57: 0.92 | D57: =прил.2!I57 -> 0 | E57: =D57*30.2/100 -> 0 | F57: =прил.3!I57 -> 0 | G57: =прил.4!F57 -> 0 | H57: =C57*SUM(D57:G57) -> 0 | I57: =прил.9!C115 -> 0.76646072 | J57: =H57*I57 -> 0 | K57: =H57+J57 -> 0
A58: 1.2.3. | B58: Содействие в направлении на санаторно-курортное лечение | C58: 0.58 | D58: =прил.2!I58 -> 0 | E58: =D58*30.2/100 -> 0 | F58: =прил.3!I58 -> 0 | G58: =прил.4!F58 -> 0 | H58: =C58*SUM(D58:G58) -> 0 | I58: =прил.9!C115 -> 0.76646072 | J58: =H58*I58 -> 0 | K58: =H58+J58 -> 0
A59: 1.2.4. | B59: Профилактика пролежней | C59: 0.2 | D59: =прил.2!I59 -> 0 | E59: =D59*30.2/100 -> 0 | F59: =прил.3!I59 -> 0 | G59: =прил.4!F59 -> 0 | H59: =C59*SUM(D59:G59) -> 0 | I59: =прил.9!C115 -> 0.76646072 | J59: =H59*I59 -> 0 | K59: =H59+J59 -> 0
A60: 1.2.5. | B60: Наблюдение за состоянием здоровья получателя социальных услуг | C60: 0.12 | D60: =прил.2!I60 -> 0 | E60: =D60*30.2/100 -> 0 | F60: =прил.3!I60 -> 0 | G60: =прил.4!F60 -> 0 | H60: =C60*SUM(D60:G60) -> 0 | I60: =прил.9!C115 -> 0.76646072 | J60: =H60*I60 -> 0 | K60: =H60+J60 -> 0
A61: 1.2.6. | B61: Содействие в выполнении медицинских процедур по назначению врача, наблюдение за своевременным приемом лекарственных препаратов для медицинского применения, назначенных врачом | C61: 0.18 | D61: =прил.2!I61 -> 0 | E61: =D61*30.2/100 -> 0 | F61: =прил.3!I61 -> 0 | G61: =прил.4!F61 -> 0 | H61: =C61*SUM(D61:G61) -> 0 | I61: =прил.9!C115 -> 0.76646072 | J61: =H61*I61 -> 0 | K61: =H61+J61 -> 0
A62: 1.2.7. | B62: Оказание помощи в выполнении физических упражнений | C62: 0.25 | D62: =прил.2!I62 -> 0 | E62: =D62*30.2/100 -> 0 | F62: =прил.3!I62 -> 0 | G62: =прил.4!F62 -> 0 | H62: =C62*SUM(D62:G62) -> 0 | I62: =прил.9!C115 -> 0.76646072 | J62: =H62*I62 -> 0 | K62: =H62+J62 -> 0
A63: 1.2.8. | B63: Содействие в обеспечении по назначению врачей лекарственными препаратами для медицинского применения, медицинскими изделиями, а также специальными продуктами лечебного питания за счет средств получателя социальных услуг: | C63: 0.4 | D63: =прил.2!I63 -> 0 | E63: =D63*30.2/100 -> 0 | F63: =прил.3!I63 -> 0 | G63: =прил.4!F63 -> 0 | H63: =C63*SUM(D63:G63) -> 0 | I63: =прил.9!C115 -> 0.76646072 | J63: =H63*I63 -> 0 | K63: =H63+J63 -> 0
A64: 1.2.8.1. | B64: Содействие в выписке рецепта (льготного рецепта) у врача на приобретение лекарственных препаратов для медицинского применения, медицинских изделий, специализированных продуктов лечебного питания для получателей социальных услуг | C64: 0.42 | D64: =прил.2!I64 -> 0 | E64: =D64*30.2/100 -> 0 | F64: =прил.3!I64 -> 0 | G64: =прил.4!F64 -> 0 | H64: =C64*SUM(D64:G64) -> 0 | I64: =прил.9!C115 -> 0.76646072 | J64: =H64*I64 -> 0 | K64: =H64+J64 -> 0
A65: 1.2.8.2. | B65: Приобретение лекарственных препаратов для медицинского применения, медицинских изделий, специализированных продуктов лечебного питания за счет средств получателя социальных услуг либо по рецепту (льготному рецепту) и доставка на дом | C65: 0.51 | D65: =прил.2!I65 -> 0 | E65: =D65*30.2/100 -> 0 | F65: =прил.3!I65 -> 0 | G65: =прил.4!F65 -> 0 | H65: =C65*SUM(D65:G65) -> 0 | I65: =прил.9!C115 -> 0.76646072 | J65: =H65*I65 -> 0 | K65: =H65+J65 -> 0
A66: 1.2.9. | B66: Проведение бесед по формированию здорового образа жизни | C66: 0.22 | D66: =прил.2!I66 -> 0 | E66: =D66*30.2/100 -> 0 | F66: =прил.3!I66 -> 0 | G66: =прил.4!F66 -> 0 | H66: =C66*SUM(D66:G66) -> 0 | I66: =прил.9!C115 -> 0.76646072 | J66: =H66*I66 -> 0 | K66: =H66+J66 -> 0
A67: 1.3. | B67: Социально-психологические услуги:
A68: 1.3.1. | B68: Содействие в получении психологической помощи | C68: 0.33 | D68: =прил.2!I68 -> 0 | E68: =D68*30.2/100 -> 0 | F68: =прил.3!I68 -> 0 | G68: =прил.4!F68 -> 0 | H68: =C68*SUM(D68:G68) -> 0 | I68: =прил.9!C115 -> 0.76646072 | J68: =H68*I68 -> 0 | K68: =H68+J68 -> 0
A69: 1.3.2. | B69: Проведение бесед, направленных на формирование у получателя социальных услуг позитивного психологического состояния, поддержание активного образа жизни | C69: 0.25 | D69: =прил.2!I69 -> 0 | E69: =D69*30.2/100 -> 0 | F69: =прил.3!I69 -> 0 | G69: =прил.4!F69 -> 0 | H69: =C69*SUM(D69:G69) -> 0 | I69: =прил.9!C115 -> 0.76646072 | J69: =H69*I69 -> 0 | K69: =H69+J69 -> 0
A70: 1.4. | B70: Социально-правовые услуги:
A71: 1.4.2. | B71: Оказание помощи в оформлении и восстановлении документов получателя социальных услуг | C71: 0.67 | D71: =прил.2!I71 -> 0 | E71: =D71*30.2/100 -> 0 | F71: =прил.3!I71 -> 0 | G71: =прил.4!F71 -> 0 | H71: =C71*SUM(D71:G71) -> 0 | I71: =прил.9!C115 -> 0.76646072 | J71: =H71*I71 -> 0 | K71: =H71+J71 -> 0
A72: 1.4.3. | B72: Содействие в получении юридической помощи в целях защиты прав и законных интересов получателей социальных услуг | C72: 0.58 | D72: =прил.2!I72 -> 0 | E72: =D72*30.2/100 -> 0 | F72: =прил.3!I72 -> 0 | G72: =прил.4!F72 -> 0 | H72: =C72*SUM(D72:G72) -> 0 | I72: =прил.9!C115 -> 0.76646072 | J72: =H72*I72 -> 0 | K72: =H72+J72 -> 0
A73: 1.5. | B73: Услуги в целях повышения коммуникативного потенциала получателей социальных услуг, имеющих ограничения жизнедеятельности, в том числе детей-инвалидов:
A74: 1.5.1. | B74: Содействие в проведении социально-реабилитационных мероприятий в соответствии с индивидуальными программами реабилитации или абилитации инвалидов, в том числе детей-инвалидов | C74: 0.5 | D74: =прил.2!I74 -> 0 | E74: =D74*30.2/100 -> 0 | F74: =прил.3!I74 -> 0 | G74: =прил.4!F74 -> 0 | H74: =C74*SUM(D74:G74) -> 0 | I74: =прил.9!C115 -> 0.76646072 | J74: =H74*I74 -> 0 | K74: =H74+J74 -> 0
A75: 1.5.2. | B75: Содействие в обеспечении техническими средствами реабилитации, включая протезно-ортопедические изделия, в соответствии с индивидуальными программами реабилитации или абилитации инвалидов, в том числе детей-инвалидов | C75: 0.6 | D75: =прил.2!I75 -> 0 | E75: =D75*30.2/100 -> 0 | F75: =прил.3!I75 -> 0 | G75: =прил.4!F75 -> 0 | H75: =C75*SUM(D75:G75) -> 0 | I75: =прил.9!C115 -> 0.76646072 | J75: =H75*I75 -> 0 | K75: =H75+J75 -> 0
A76: 1.6. | B76: Социально-педагогические услуги:
A77: 1.6.1. | B77: Социально-педагогическая диагностика | C77: 0.6 | D77: =прил.2!I77 -> 0 | E77: =D77*30.2/100 -> 0 | F77: =прил.3!I77 -> 0 | G77: =прил.4!F77 -> 0 | H77: =C77*SUM(D77:G77) -> 0 | I77: =прил.9!C115 -> 0.76646072 | J77: =H77*I77 -> 0 | K77: =H77+J77 -> 0
A78: 1.6.2. | B78: Социально-педагогическая коррекция | C78: 0.62 | D78: =прил.2!I78 -> 0 | E78: =D78*30.2/100 -> 0 | F78: =прил.3!I78 -> 0 | G78: =прил.4!F78 -> 0 | H78: =C78*SUM(D78:G78) -> 0 | I78: =прил.9!C115 -> 0.76646072 | J78: =H78*I78 -> 0 | K78: =H78+J78 -> 0
A79: 1.6.3. | B79: Социально-педагогическое консультирование | C79: 0.5 | D79: =прил.2!I79 -> 0 | E79: =D79*30.2/100 -> 0 | F79: =прил.3!I79 -> 0 | G79: =прил.4!F79 -> 0 | H79: =C79*SUM(D79:G79) -> 0 | I79: =прил.9!C115 -> 0.76646072 | J79: =H79*I79 -> 0 | K79: =H79+J79 -> 0
A80: 1 | B80: Социальные услуги, предоставляемые в форме социального обслуживания на дому (сельская местность)
A81: 1.1. | B81: Социально-бытовые услуги:
A82: 1.1.1. | B82: Покупка за счет средств получателя социальных услуг и доставка на дом продуктов питания, горячих обедов | C82: 0.27 | D82: =прил.2!I82 -> 0 | E82: =D82*30.2/100 -> 0 | F82: =прил.3!I82 -> 0 | G82: =прил.4!F82 -> 0 | H82: =C82*SUM(D82:G82) -> 0 | I82: =прил.9!C115 -> 0.76646072 | J82: =H82*I82 -> 0 | K82: =H82+J82 -> 0
A83: 1.1.1.1 | B83: Покупка за счет средств получателя социальных услуг и доставка на дом промышленных товаров первой необходимости | C83: 0.27 | D83: =прил.2!I83 -> 0 | E83: =D83*30.2/100 -> 0 | F83: =прил.3!I83 -> 0 | G83: =прил.4!F83 -> 0 | H83: =C83*SUM(D83:G83) -> 0 | I83: =прил.9!C115 -> 0.76646072 | J83: =H83*I83 -> 0 | K83: =H83+J83 -> 0
A84: 1.1.1.2 | B84: Покупка за счет средств получателя социальных услуг и доставка на дом средств санитарии и гигиены, средств ухода | C84: 0.27 | D84: =прил.2!I84 -> 0 | E84: =D84*30.2/100 -> 0 | F84: =прил.3!I84 -> 0 | G84: =прил.4!F84 -> 0 | H84: =C84*SUM(D84:G84) -> 0 | I84: =прил.9!C115 -> 0.76646072 | J84: =H84*I84 -> 0 | K84: =H84+J84 -> 0
A85: 1.1.1.3 | B85: Покупка за счет средств получателя социальных услуг и доставка на дом книг, газет, журналов | C85: 0.27 | D85: =прил.2!I85 -> 0 | E85: =D85*30.2/100 -> 0 | F85: =прил.3!I85 -> 0 | G85: =прил.4!F85 -> 0 | H85: =C85*SUM(D85:G85) -> 0 | I85: =прил.9!C115 -> 0.76646072 | J85: =H85*I85 -> 0 | K85: =H85+J85 -> 0
A86: 1.1.2. | B86: Помощь в приготовлении пищи из продуктов питания получателя социальных услуг | C86: 0.5 | D86: =прил.2!I86 -> 0 | E86: =D86*30.2/100 -> 0 | F86: =прил.3!I86 -> 0 | G86: =прил.4!F86 -> 0 | H86: =C86*SUM(D86:G86) -> 0 | I86: =прил.9!C115 -> 0.76646072 | J86: =H86*I86 -> 0 | K86: =H86+J86 -> 0
A87: 1.1.3. | B87: Помощь в приеме пищи | C87: 0.33 | D87: =прил.2!I87 -> 0 | E87: =D87*30.2/100 -> 0 | F87: =прил.3!I87 -> 0 | G87: =прил.4!F87 -> 0 | H87: =C87*SUM(D87:G87) -> 0 | I87: =прил.9!C115 -> 0.76646072 | J87: =H87*I87 -> 0 | K87: =H87+J87 -> 0
A88: 1.1.4. | B88: Содействие в обеспечении за счет средств получателя социальных услуг твердым топливом | C88: 0.46 | D88: =прил.2!I88 -> 0 | E88: =D88*30.2/100 -> 0 | F88: =прил.3!I88 -> 0 | G88: =прил.4!F88 -> 0 | H88: =C88*SUM(D88:G88) -> 0 | I88: =прил.9!C115 -> 0.76646072 | J88: =H88*I88 -> 0 | K88: =H88+J88 -> 0
A89: 1.1.4.1. | B89: Топка печей при наличии печного отопления | C89: 0.45 | D89: =прил.2!I89 -> 0 | E89: =D89*30.2/100 -> 0 | F89: =прил.3!I89 -> 0 | G89: =прил.4!F89 -> 0 | H89: =C89*SUM(D89:G89) -> 0 | I89: =прил.9!C115 -> 0.76646072 | J89: =H89*I89 -> 0 | K89: =H89+J89 -> 0
A90: 1.1.4.2. | B90: Доставка топлива от места хранения к печи | C90: 0.13 | D90: =прил.2!I90 -> 0 | E90: =D90*30.2/100 -> 0 | F90: =прил.3!I90 -> 0 | G90: =прил.4!F90 -> 0 | H90: =C90*SUM(D90:G90) -> 0 | I90: =прил.9!C115 -> 0.76646072 | J90: =H90*I90 -> 0 | K90: =H90+J90 -> 0
A91: 1.1.4.3. | B91: Доставка воды при отсутствии центрального водоснабжения | C91: 0.18 | D91: =прил.2!I91 -> 0 | E91: =D91*30.2/100 -> 0 | F91: =прил.3!I91 -> 0 | G91: =прил.4!F91 -> 0 | H91: =C91*SUM(D91:G91) -> 0 | I91: =прил.9!C115 -> 0.76646072 | J91: =H91*I91 -> 0 | K91: =H91+J91 -> 0
A92: 1.1.5. | B92: Содействие в организации ремонта жилых помещений | C92: 0.5 | D92: =прил.2!I92 -> 0 | E92: =D92*30.2/100 -> 0 | F92: =прил.3!I92 -> 0 | G92: =прил.4!F92 -> 0 | H92: =C92*SUM(D92:G92) -> 0 | I92: =прил.9!C115 -> 0.76646072 | J92: =H92*I92 -> 0 | K92: =H92+J92 -> 0
A93: 1.1.6. | B93: Содействие в организации уборки жилых помещений за счет средств получателя социальных услуг, в том числе с привлечением иных лиц, служб | C93: 0.5 | D93: =прил.2!I93 -> 0 | E93: =D93*30.2/100 -> 0 | F93: =прил.3!I93 -> 0 | G93: =прил.4!F93 -> 0 | H93: =C93*SUM(D93:G93) -> 0 | I93: =прил.9!C115 -> 0.76646072 | J93: =H93*I93 -> 0 | K93: =H93+J93 -> 0
A94: 1.1.6.1 | B94: Уборка жилых помещений | C94: 0.21 | D94: =прил.2!I94 -> 0 | E94: =D94*30.2/100 -> 0 | F94: =прил.3!I94 -> 0 | G94: =прил.4!F94 -> 0 | H94: =C94*SUM(D94:G94) -> 0 | I94: =прил.9!C115 -> 0.76646072 | J94: =H94*I94 -> 0 | K94: =H94+J94 -> 0
A95: 1.1.7. | B95: Сдача за счет средств получателя социальных услуг вещей в стирку, химчистку, ремонт, получение их и доставка получателю социальных услуг | C95: 0.5 | D95: =прил.2!I95 -> 0 | E95: =D95*30.2/100 -> 0 | F95: =прил.3!I95 -> 0 | G95: =прил.4!F95 -> 0 | H95: =C95*SUM(D95:G95) -> 0 | I95: =прил.9!C115 -> 0.76646072 | J95: =H95*I95 -> 0 | K95: =H95+J95 -> 0
A96: 1.1.8. | B96: Содействие в оплате за счет средств получателя социальных услуг жилого помещения, коммунальных услуг и услуг связи | C96: 0.33 | D96: =прил.2!I96 -> 0 | E96: =D96*30.2/100 -> 0 | F96: =прил.3!I96 -> 0 | G96: =прил.4!F96 -> 0 | H96: =C96*SUM(D96:G96) -> 0 | I96: =прил.9!C115 -> 0.76646072 | J96: =H96*I96 -> 0 | K96: =H96+J96 -> 0
A97: 1.1.9. | B97: Оказание помощи в написании и прочтении писем и другой корреспонденции | C97: 0.25 | D97: =прил.2!I97 -> 0 | E97: =D97*30.2/100 -> 0 | F97: =прил.3!I97 -> 0 | G97: =прил.4!F97 -> 0 | H97: =C97*SUM(D97:G97) -> 0 | I97: =прил.9!C115 -> 0.76646072 | J97: =H97*I97 -> 0 | K97: =H97+J97 -> 0
A98: 1.1.10. | B98: Содействие в предоставлении услуг почтовой связи за счет средств получателя социальных услуг | C98: 0.23 | D98: =прил.2!I98 -> 0 | E98: =D98*30.2/100 -> 0 | F98: =прил.3!I98 -> 0 | G98: =прил.4!F98 -> 0 | H98: =C98*SUM(D98:G98) -> 0 | I98: =прил.9!C115 -> 0.76646072 | J98: =H98*I98 -> 0 | K98: =H98+J98 -> 0
A99: 1.1.11. | B99: Сопровождение получателя социальных услуг на прогулке | C99: 0.58 | D99: =прил.2!I99 -> 0 | E99: =D99*30.2/100 -> 0 | F99: =прил.3!I99 -> 0 | G99: =прил.4!F99 -> 0 | H99: =C99*SUM(D99:G99) -> 0 | I99: =прил.9!C115 -> 0.76646072 | J99: =H99*I99 -> 0 | K99: =H99+J99 -> 0
A100: 1.1.12. | B100: Содействие в организации ритуальных услуг | C100: 3.17 | D100: =прил.2!I100 -> 0 | E100: =D100*30.2/100 -> 0 | F100: =прил.3!I100 -> 0 | G100: =прил.4!F100 -> 0 | H100: =C100*SUM(D100:G100) -> 0 | I100: =прил.9!C115 -> 0.76646072 | J100: =H100*I100 -> 0 | K100: =H100+J100 -> 0
A101: 1.1.13. | B101: Содействие в направлении в стационарную организацию социального обслуживания | C101: 0.83 | D101: =прил.2!I101 -> 0 | E101: =D101*30.2/100 -> 0 | F101: =прил.3!I101 -> 0 | G101: =прил.4!F101 -> 0 | H101: =C101*SUM(D101:G101) -> 0 | I101: =прил.9!C115 -> 0.76646072 | J101: =H101*I101 -> 0 | K101: =H101+J101 -> 0
A102: 1.1.14. | B102: Содействие в посещении культурных мероприятий | C102: 0.33 | D102: =прил.2!I102 -> 0 | E102: =D102*30.2/100 -> 0 | F102: =прил.3!I102 -> 0 | G102: =прил.4!F102 -> 0 | H102: =C102*SUM(D102:G102) -> 0 | I102: =прил.9!C115 -> 0.76646072 | J102: =H102*I102 -> 0 | K102: =H102+J102 -> 0
...

Sheet прил.2
A2: Расчет часового фонда оплаты труда персонала, оказывающего социальную услугу за 2024 год
A4: Форму (таблицу) не сбиваем, строки не удаляем и не добавляем! Меняем (если необходимо) данные в ячейках (сами ячейки не удалять и новые не добавлять). По каждой услуге заполняем данные, должности меняем в соответствии с вашим штатным расписанием, должности (если их несколько) прописываем через запятую, заработную плату по ним ставим среднюю через формулу (например Должностной оклад=(12188+9761)/2)) | J4: СПРАВОЧНО: норма рабочего времени в 2024 году 40-часовая рабочая неделя - 1979 часов в год, 39-часовая рабочая неделя - 1929,4 часов в год, 36-часовая рабочая неделя - 1780,6 часов в год, 35-часовая рабочая неделя - 1731 часов в год, 33- часовая рабочая неделя - 1631,8 часов в год, 30-часовая рабочая неделя - 1483 часов в год
A5: № | B5: Наименование услуги | C5: Должность персонала, оказывающего услугу | D5: Должностной оклад (руб./мес.) | E5: Стимулирующие и компенсационные выплаты (руб./мес.) | F5: Фонд заработной платы (руб./мес) гр. 6 = гр.4+гр.5 | G5: Годовой фонд оплаты труда (руб.) гр. 7 = гр.6 x 12 | H5: Годовой фонд рабочего времени, согласно производственному календарю (час.) | I5: Часовой фонд оплаты труда персонала, оказывающего услугу (Ч) (руб.) гр.9 =гр.7/гр.8
A6: 1 | B6: 2 | C6: 3 | D6: 4 | E6: 5 | F6: 6 | G6: 7 | H6: 8 | I6: 9
A7: 1 | B7: Социальные услуги, предоставляемые в форме социального обслуживания на дому (городская местность) | C7: Х | D7: Х | E7: Х | F7: Х | G7: Х | H7: Х | I7: Х
A8: 1.1. | B8: Социально-бытовые услуги: | C8: Х | D8: Х | E8: Х | F8: Х | G8: Х | H8: Х | I8: Х
A9: 1.1.1. | B9: Покупка за счет средств получателя социальных услуг и доставка на дом продуктов питания, горячих обедов | C9: социальный работник | D9: 14241 | F9: =D9+E9 -> 14241 | G9: =F9*12 -> 170892 | H9: 1979 | I9: =G9/H9 -> 86.352703
A10: 1.1.1.1 | B10: Покупка за счет средств получателя социальных услуг и доставка на дом промышленных товаров первой необходимости | C10: социальный работник | D10: 14241 | F10: =D10+E10 -> 14241 | G10: =F10*12 -> 170892 | H10: 1979 | I10: =G10/H10 -> 86.352703
A11: 1.1.1.2 | B11: Покупка за счет средств получателя социальных услуг и доставка на дом средств санитарии и гигиены, средств ухода | C11: социальный работник | D11: 14241 | F11: =D11+E11 -> 14241 | G11: =F11*12 -> 170892 | H11: 1979 | I11: =G11/H11 -> 86.352703
A12: 1.1.1.3 | B12: Покупка за счет средств получателя социальных услуг и доставка на дом книг, газет, журналов | C12: социальный работник | D12: 14241 | F12: =D12+E12 -> 14241 | G12: =F12*12 -> 170892 | H12: 1979 | I12: =G12/H12 -> 86.352703
A13: 1.1.2. | B13: Помощь в приготовлении пищи из продуктов питания получателя социальных услуг | C13: социальный работник | D13: 14241 | F13: =D13+E13 -> 14241 | G13: =F13*12 -> 170892 | H13: 1979 | I13: =G13/H13 -> 86.352703
A14: 1.1.3. | B14: Помощь в приеме пищи | C14: социальный работник | D14: 14241 | F14: =D14+E14 -> 14241 | G14: =F14*12 -> 170892 | H14: 1979 | I14: =G14/H14 -> 86.352703
A15: 1.1.4. | B15: Содействие в обеспечении за счет средств получателя социальных услуг твердым топливом | C15: социальный работник | D15: 14241 | F15: =D15+E15 -> 14241 | G15: =F15*12 -> 170892 | H15: 1979 | I15: =G15/H15 -> 86.352703
A16: 1.1.4.1. | B16: Топка печей при наличии печного отопления | C16: социальный работник | D16: 14241 | F16: =D16+E16 -> 14241 | G16: =F16*12 -> 170892 | H16: 1979 | I16: =G16/H16 -> 86.352703
A17: 1.1.4.2. | B17: Доставка топлива от места хранения к печи | C17: социальный работник | D17: 14241 | F17: =D17+E17 -> 14241 | G17: =F17*12 -> 170892 | H17: 1979 | I17: =G17/H17 -> 86.352703
A18: 1.1.4.3. | B18: Доставка воды при отсутствии центрального водоснабжения | C18: социальный работник | D18: 14241 | F18: =D18+E18 -> 14241 | G18: =F18*12 -> 170892 | H18: 1979 | I18: =G18/H18 -> 86.352703
A19: 1.1.5. | B19: Содействие в организации ремонта жилых помещений | C19: социальный работник | D19: 14241 | F19: =D19+E19 -> 14241 | G19: =F19*12 -> 170892 | H19: 1979 | I19: =G19/H19 -> 86.352703
A20: 1.1.6. | B20: Содействие в организации уборки жилых помещений за счет средств получателя социальных услуг, в том числе с привлечением иных лиц, служб | C20: социальный работник | D20: 14241 | F20: =D20+E20 -> 14241 | G20: =F20*12 -> 170892 | H20: 1979 | I20: =G20/H20 -> 86.352703
... A29: 1.1.14. | B29: Содействие в посещении культурных мероприятий | C29: социальный работник | D29: 14241 | F29: =D29+E29 -> 14241 | G29: =F29*12 -> 170892 | H29: 1979 | I29: =G29/H29 -> 86.352703
A30: 1.1.15. | B30: Оказание гигиенических услуг получателям социальных услуг, не способным по состоянию здоровья самостоятельно осуществлять за собой уход: | C30: Х | D30: Х | E30: Х | F30: Х | G30: Х | H30: Х | I30: Х
A31: 1.1.15.1. | B31: Умывание | C31: социальный работник | F31: =D31+E31 -> 0 | G31: =F31*12 -> 0 | H31: 1979 | I31: =G31/H31 -> 0
A32: 1.1.15.2. | B32: Обтирание и (или) обмывание | C32: социальный работник | F32: =D32+E32 -> 0 | G32: =F32*12 -> 0 | H32: 1979 | I32: =G32/H32 -> 0
A33: 1.1.15.3. | B33: Причесывание волос | C33: социальный работник | F33: =D33+E33 -> 0 | G33: =F33*12 -> 0 | H33: 1979 | I33: =G33/H33 -> 0
A34: 1.1.15.4. | B34: Подравнивание волос | C34: социальный работник | F34: =D34+E34 -> 0 | G34: =F34*12 -> 0 | H34: 1979 | I34: =G34/H34 -> 0
A35: 1.1.15.5. | B35: Стрижка ногтей на руках | C35: социальный работник | F35: =D35+E35 -> 0 | G35: =F35*12 -> 0 | H35: 1979 | I35: =G35/H35 -> 0
A36: 1.1.15.6. | B36: Бритье бороды и (или) усов | C36: социальный работник | F36: =D36+E36 -> 0 | G36: =F36*12 -> 0 | H36: 1979 | I36: =G36/H36 -> 0
A37: 1.1.15.7. | B37: Оказание помощи в смене нательного белья | C37: социальный работник | F37: =D37+E37 -> 0 | G37: =F37*12 -> 0 | H37: 1979 | I37: =G37/H37 -> 0
A38: 1.1.15.8. | B38: Оказание помощи в смене постельного белья | C38: социальный работник | F38: =D38+E38 -> 0 | G38: =F38*12 -> 0 | H38: 1979 | I38: =G38/H38 -> 0
A39: 1.1.15.9. | B39: Оказание помощи при вставании с постели, укладывании в постель | C39: социальный работник | F39: =D39+E39 -> 0 | G39: =F39*12 -> 0 | H39: 1979 | I39: =G39/H39 -> 0
A40: 1.1.15.10. | B40: Оказание помощи при одевании и (или) раздевании | C40: социальный работник | F40: =D40+E40 -> 0 | G40: =F40*12 -> 0 | H40: 1979 | I40: =G40/H40 -> 0
A41: 1.1.15.11. | B41: Оказание помощи в помывке в бане общего пользования | C41: социальный работник | F41: =D41+E41 -> 0 | G41: =F41*12 -> 0 | H41: 1979 | I41: =G41/H41 -> 0
A42: 1.1.15.12. | B42: Оказание помощи в помывке в ванне, душе, бане | C42: социальный работник | F42: =D42+E42 -> 0 | G42: =F42*12 -> 0 | H42: 1979 | I42: =G42/H42 -> 0
... A48: 1.1.16. | B48: Помощь в передвижении по дому | C48: социальный работник | F48: =D48+E48 -> 0 | G48: =F48*12 -> 0 | H48: 1979 | I48: =G48/H48 -> 0
A49: 1.1.17. | B49: Предоставление транспорта для перевозки получателя социальных услуг в медицинскую организацию | C49: водитель автомобиля | D49: 10738 | F49: =D49+E49 -> 10738 | G49: =F49*12 -> 128856 | H49: 1979 | I49: =G49/H49 -> 65.111673 | J49: обратите внимание!!! Здесь водитель автомобиля
A50: 1.2. | B50: Социально-медицинские услуги: | C50: Х | D50: Х | E50: Х | F50: Х | G50: Х | H50: Х | I50: Х
A51: 1.2.1. | B51: Содействие в оказании медицинской помощи, в том числе стоматологической помощи: | C51: Х | D51: Х | E51: Х | F51: Х | G51: Х | H51: Х | I51: Х
A52: 1.2.1.2. | B52: Сопровождение получателя социальных услуг в медицинскую организацию, расположенную по месту жительства получателя социальных услуг, и обратно | C52: социальный работник | F52: =D52+E52 -> 0 | G52: =F52*12 -> 0 | H52: 1979 | I52: =G52/H52 -> 0
A53: 1.2.1.3. | B53: Посещение получателя социальных услуг в медицинской организации в случае его госпитализации | C53: социальный работник | F53: =D53+E53 -> 0 | G53: =F53*12 -> 0 | H53: 1979 | I53: =G53/H53 -> 0
A54: 1.2.1.4. | B54: Содействие в получении стоматологической, в том числе зубопротезной, помощи | C54: социальный работник | F54: =D54+E54 -> 0 | G54: =F54*12 -> 0 | H54: 1979 | I54: =G54/H54 -> 0
A55: 1.2.1.5. | B55: Взятие образца биологического материала для лабораторного исследования по назначению врача | C55: социальный работник | F55: =D55+E55 -> 0 | G55: =F55*12 -> 0 | H55: 1979 | I55: =G55/H55 -> 0
A56: 1.2.1.6. | B56: Доставка в медицинскую организацию образца биологического материала для лабораторного исследования по назначению врача | C56: социальный работник | F56: =D56+E56 -> 0 | G56: =F56*12 -> 0 | H56: 1979 | I56: =G56/H56 -> 0
A57: 1.2.2. | B57: Содействие в прохождении медико-социальной экспертизы | C57: социальный работник | F57: =D57+E57 -> 0 | G57: =F57*12 -> 0 | H57: 1979 | I57: =G57/H57 -> 0
A58: 1.2.3. | B58: Содействие в направлении на санаторно-курортное лечение | C58: социальный работник | F58: =D58+E58 -> 0 | G58: =F58*12 -> 0 | H58: 1979 | I58: =G58/H58 -> 0
A59: 1.2.4. | B59: Профилактика пролежней | C59: социальный работник | F59: =D59+E59 -> 0 | G59: =F59*12 -> 0 | H59: 1979 | I59: =G59/H59 -> 0
A60: 1.2.5. | B60: Наблюдение за состоянием здоровья получателя социальных услуг | C60: социальный работник | F60: =D60+E60 -> 0 | G60: =F60*12 -> 0 | H60: 1979 | I60: =G60/H60 -> 0
A61: 1.2.6. | B61: Содействие в выполнении медицинских процедур по назначению врача, наблюдение за своевременным приемом лекарственных препаратов для медицинского применения, назначенных врачом | C61: социальный работник | F61: =D61+E61 -> 0 | G61: =F61*12 -> 0 | H61: 1979 | I61: =G61/H61 -> 0
A62: 1.2.7. | B62: Оказание помощи в выполнении физических упражнений | C62: социальный работник | F62: =D62+E62 -> 0 | G62: =F62*12 -> 0 | H62: 1979 | I62: =G62/H62 -> 0
A63: 1.2.8. | B63: Содействие в обеспечении по назначению врачей лекарственными препаратами для медицинского применения, медицинскими изделиями, а также специальными продуктами лечебного питания за счет средств получателя социальных услуг: | C63: социальный работник | F63: =D63+E63 -> 0 | G63: =F63*12 -> 0 | H63: 1979 | I63: =G63/H63 -> 0
... A66: 1.2.9. | B66: Проведение бесед по формированию здорового образа жизни | C66: социальный работник | F66: =D66+E66 -> 0 | G66: =F66*12 -> 0 | H66: 1979 | I66: =G66/H66 -> 0
A67: 1.3. | B67: Социально-психологические услуги: | C67: Х | D67: Х | E67: Х | F67: Х | G67: Х | H67: Х | I67: Х
A68: 1.3.1. | B68: Содействие в получении психологической помощи | C68: социальный работник | F68: =D68+E68 -> 0 | G68: =F68*12 -> 0 | H68: 1979 | I68: =G68/H68 -> 0
A69: 1.3.2. | B69: Проведение бесед, направленных на формирование у получателя социальных услуг позитивного психологического состояния, поддержание активного образа жизни | C69: социальный работник | F69: =D69+E69 -> 0 | G69: =F69*12 -> 0 | H69: 1979 | I69: =G69/H69 -> 0
A70: 1.4. | B70: Социально-правовые услуги: | C70: Х | D70: Х | E70: Х | F70: Х | G70: Х | H70: Х | I70: Х
A71: 1.4.2. | B71: Оказание помощи в оформлении и восстановлении документов получателя социальных услуг | C71: социальный работник | F71: =D71+E71 -> 0 | G71: =F71*12 -> 0 | H71: 1979 | I71: =G71/H71 -> 0
A72: 1.4.3. | B72: Содействие в получении юридической помощи в целях защиты прав и законных интересов получателей социальных услуг | C72: социальный работник | F72: =D72+E72 -> 0 | G72: =F72*12 -> 0 | H72: 1979 | I72: =G72/H72 -> 0
A73: 1.5. | B73: Услуги в целях повышения коммуникативного потенциала получателей социальных услуг, имеющих ограничения жизнедеятельности, в том числе детей-инвалидов: | C73: Х | D73: Х | E73: Х | F73: Х | G73: Х | H73: Х | I73: Х
A74: 1.5.1. | B74: Содействие в проведении социально-реабилитационных мероприятий в соответствии с индивидуальными программами реабилитации или абилитации инвалидов, в том числе детей-инвалидов | C74: социальный работник | F74: =D74+E74 -> 0 | G74: =F74*12 -> 0 | H74: 1979 | I74: =G74/H74 -> 0
A75: 1.5.2. | B75: Содействие в обеспечении техническими средствами реабилитации, включая протезно-ортопедические изделия, в соответствии с индивидуальными программами реабилитации или абилитации инвалидов, в том числе детей-инвалидов | C75: социальный работник | F75: =D75+E75 -> 0 | G75: =F75*12 -> 0 | H75: 1979 | I75: =G75/H75 -> 0
A76: 1.6. | B76: Социально-педагогические услуги: | C76: Х | D76: Х | E76: Х | F76: Х | G76: Х | H76: Х | I76: Х
A77: 1.6.1. | B77: Социально-педагогическая диагностика | C77: социальный работник | F77: =D77+E77 -> 0 | G77: =F77*12 -> 0 | H77: 1979 | I77: =G77/H77 -> 0
A78: 1.6.2. | B78: Социально-педагогическая коррекция | C78: социальный работник | F78: =D78+E78 -> 0 | G78: =F78*12 -> 0 | H78: 1979 | I78: =G78/H78 -> 0
A79: 1.6.3. | B79: Социально-педагогическое консультирование | C79: социальный работник | F79: =D79+E79 -> 0 | G79: =F79*12 -> 0 | H79: 1979 | I79: =G79/H79 -> 0
A80: 1 | B80: Социальные услуги, предоставляемые в форме социального обслуживания на дому (сельская местность) | C80: Х | D80: Х | E80: Х | F80: Х | G80: Х | H80: Х | I80: Х
A81: 1.1. | B81: Социально-бытовые услуги: | C81: Х | D81: Х | E81: Х | F81: Х | G81: Х | H81: Х | I81: Х
A82: 1.1.1. | B82: Покупка за счет средств получателя социальных услуг и доставка на дом продуктов питания, горячих обедов | C82: социальный работник | F82: =D82+E82 -> 0 | G82: =F82*12 -> 0 | H82: 1780.6 | I82: =G82/H82 -> 0
A83: 1.1.1.1 | B83: Покупка за счет средств получателя социальных услуг и доставка на дом промышленных товаров первой необходимости | C83: социальный работник | F83: =D83+E83 -> 0 | G83: =F83*12 -> 0 | H83: 1780.6 | I83: =G83/H83 -> 0
A84: 1.1.1.2 | B84: Покупка за счет средств получателя социальных услуг и доставка на дом средств санитарии и гигиены, средств ухода | C84: социальный работник | F84: =D84+E84 -> 0 | G84: =F84*12 -> 0 | H84: 1780.6 | I84: =G84/H84 -> 0
A85: 1.1.1.3 | B85: Покупка за счет средств получателя социальных услуг и доставка на дом книг, газет, журналов | C85: социальный работник | F85: =D85+E85 -> 0 | G85: =F85*12 -> 0 | H85: 1780.6 | I85: =G85/H85 -> 0
A86: 1.1.2. | B86: Помощь в приготовлении пищи из продуктов питания получателя социальных услуг | C86: социальный работник | F86: =D86+E86 -> 0 | G86: =F86*12 -> 0 | H86: 1780.6 | I86: =G86/H86 -> 0
A87: 1.1.3. | B87: Помощь в приеме пищи | C87: социальный работник | F87: =D87+E87 -> 0 | G87: =F87*12 -> 0 | H87: 1780.6 | I87: =G87/H87 -> 0
A88: 1.1.4. | B88: Содействие в обеспечении за счет средств получателя социальных услуг твердым топливом | C88: социальный работник | F88: =D88+E88 -> 0 | G88: =F88*12 -> 0 | H88: 1780.6 | I88: =G88/H88 -> 0
A89: 1.1.4.1. | B89: Топка печей при наличии печного отопления | C89: социальный работник | F89: =D89+E89 -> 0 | G89: =F89*12 -> 0 | H89: 1780.6 | I89: =G89/H89 -> 0
A90: 1.1.4.2. | B90: Доставка топлива от места хранения к печи | C90: социальный работник | F90: =D90+E90 -> 0 | G90: =F90*12 -> 0 | H90: 1780.6 | I90: =G90/H90 -> 0
A91: 1.1.4.3. | B91: Доставка воды при отсутствии центрального водоснабжения | C91: социальный работник | F91: =D91+E91 -> 0 | G91: =F91*12 -> 0 | H91: 1780.6 | I91: =G91/H91 -> 0
A92: 1.1.5. | B92: Содействие в организации ремонта жилых помещений | C92: социальный работник | F92: =D92+E92 -> 0 | G92: =F92*12 -> 0 | H92: 1780.6 | I92: =G92/H92 -> 0
A93: 1.1.6. | B93: Содействие в организации уборки жилых помещений за счет средств получателя социальных услуг, в том числе с привлечением иных лиц, служб | C93: социальный работник | F93: =D93+E93 -> 0 | G93: =F93*12 -> 0 | H93: 1780.6 | I93: =G93/H93 -> 0
... A102: 1.1.14. | B102: Содействие в посещении культурных мероприятий | C102: социальный работник | F102: =D102+E102 -> 0 | G102: =F102*12 -> 0 | H102: 1780.6 | I102: =G102/H102 -> 0
A103: 1.1.15. | B103: Оказание гигиенических услуг получателям социальных услуг, не способным по состоянию здоровья самостоятельно осуществлять за собой уход: | C103: Х | D103: Х | E103: Х | F103: Х | G103: Х | H103: Х | I103: Х
A104: 1.1.15.1. | B104: Умывание | C104: социальный работник | F104: =D104+E104 -> 0 | G104: =F104*12 -> 0 | H104: 1780.6 | I104: =G104/H104 -> 0
A105: 1.1.15.2. | B105: Обтирание и (или) обмывание | C105: социальный работник | F105: =D105+E105 -> 0 | G105: =F105*12 -> 0 | H105: 1780.6 | I105: =G105/H105 -> 0
A106: 1.1.15.3. | B106: Причесывание волос | C106: социальный работник | F106: =D106+E106 -> 0 | G106: =F106*12 -> 0 | H106: 1780.6 | I106: =G106/H106 -> 0
A107: 1.1.15.4. | B107: Подравнивание волос | C107: социальный работник | F107: =D107+E107 -> 0 | G107: =F107*12 -> 0 | H107: 1780.6 | I107: =G107/H107 -> 0
A108: 1.1.15.5. | B108: Стрижка ногтей на руках | C108: социальный работник | F108: =D108+E108 -> 0 | G108: =F108*12 -> 0 | H108: 1780.6 | I108: =G108/H108 -> 0
A109: 1.1.15.6. | B109: Бритье бороды и (или) усов | C109: социальный работник | F109: =D109+E109 -> 0 | G109: =F109*12 -> 0 | H109: 1780.6 | I109: =G109/H109 -> 0
A110: 1.1.15.7. | B110: Оказание помощи в смене нательного белья | C110: социальный работник | F110: =D110+E110 -> 0 | G110: =F110*12 -> 0 | H110: 1780.6 | I110: =G110/H110 -> 0
A111: 1.1.15.8. | B111: Оказание помощи в смене постельного белья | C111: социальный работник | F111: =D111+E111 -> 0 | G111: =F111*12 -> 0 | H111: 1780.6 | I111: =G111/H111 -> 0
A112: 1.1.15.9. | B112: Оказание помощи при вставании с постели, укладывании в постель | C112: социальный работник | F112: =D112+E112 -> 0 | G112: =F112*12 -> 0 | H112: 1780.6 | I112: =G112/H112 -> 0
A113: 1.1.15.10. | B113: Оказание помощи при одевании и (или) раздевании | C113: социальный работник | F113: =D113+E113 -> 0 | G113: =F113*12 -> 0 | H113: 1780.6 | I113: =G113/H113 -> 0
A114: 1.1.15.11. | B114: Оказание помощи в помывке в бане общего пользования | C114: социальный работник | F114: =D114+E114 -> 0 | G114: =F114*12 -> 0 | H114: 1780.6 | I114: =G114/H114 -> 0
A115: 1.1.15.12. | B115: Оказание помощи в помывке в ванне, душе, бане | C115: социальный работник | F115: =D115+E115 -> 0 | G115: =F115*12 -> 0 | H115: 1780.6 | I115: =G115/H115 -> 0
... A121: 1.1.16. | B121: Помощь в передвижении по дому | C121: социальный работник | F121: =D121+E121 -> 0 | G121: =F121*12 -> 0 | H121: 1780.6 | I121: =G121/H121 -> 0
A122: 1.1.17. | B122: Предоставление транспорта для перевозки получателя социальных услуг в медицинскую организацию | C122: водитель автомобиля | F122: =D122+E122 -> 0 | G122: =F122*12 -> 0 | H122: 1979 | I122: =G122/H122 -> 0 | J122: обратите внимание!!! Здесь водитель автомобиля
A123: 1.2. | B123: Социально-медицинские услуги: | C123: Х | D123: Х | E123: Х | F123: Х | G123: Х | H123: Х | I123: Х
A124: 1.2.1. | B124: Содействие в оказании медицинской помощи, в том числе стоматологической помощи: | C124: Х | D124: Х | E124: Х | F124: Х | G124: Х | H124: Х | I124: Х
A125: 1.2.1.2. | B125: Сопровождение получателя социальных услуг в медицинскую организацию, расположенную по месту жительства получателя социальных услуг, и обратно | C125: социальный работник | F125: =D125+E125 -> 0 | G125: =F125*12 -> 0 | H125: 1780.6 | I125: =G125/H125 -> 0
A126: 1.2.1.3. | B126: Посещение получателя социальных услуг в медицинской организации в случае его госпитализации | C126: социальный работник | F126: =D126+E126 -> 0 | G126: =F126*12 -> 0 | H126: 1780.6 | I126: =G126/H126 -> 0
A127: 1.2.1.4. | B127: Содействие в получении стоматологической, в том числе зубопротезной, помощи | C127: социальный работник | F127: =D127+E127 -> 0 | G127: =F127*12 -> 0 | H127: 1780.6 | I127: =G127/H127 -> 0
A128: 1.2.1.5. | B128: Взятие образца биологического материала для лабораторного исследования по назначению врача | C128: социальный работник | F128: =D128+E128 -> 0 | G128: =F128*12 -> 0 | H128: 1780.6 | I128: =G128/H128 -> 0
A129: 1.2.1.6. | B129: Доставка в медицинскую организацию образца биологического материала для лабораторного исследования по назначению врача | C129: социальный работник | F129: =D129+E129 -> 0 | G129: =F129*12 -> 0 | H129: 1780.6 | I129: =G129/H129 -> 0
A130: 1.2.2. | B130: Содействие в прохождении медико-социальной экспертизы | C130: социальный работник | F130: =D130+E130 -> 0 | G130: =F130*12 -> 0 | H130: 1780.6 | I130: =G130/H130 -> 0
...

Sheet прил.3
B2: РАСЧЕТ материальных затрат на один час оплаты труда персонала, оказывающего социальную услугу
B3: Заполняем обязательно материальные затраты для оказания услуг
A4: № | B4: Наименование услуги | C4: Наименование материальных затрат | D4: Количество материальных затрат | E4: Единица измерения | F4: Цена за единицу (руб.) | G4: Стоимость материальных затрат(руб.) | H4: Годовой фонд рабочего времени, согласно производственному календарю (час.) | I4: Материальные затраты (МЗ ) в расчете на один час оплаты труда персонала, оказывающего социальную услугу (руб.)
G5: гр. 7 =гр. 4 x гр.6 | I5: гр.9=гр.7/гр.8
A6: 1 | B6: 2 | C6: 3 | D6: 4 | E6: 5 | F6: 6 | G6: 7 | H6: 8 | I6: 9
A7: 1 | B7: Социальные услуги, предоставляемые в форме социального обслуживания на дому (городская местность)
A8: 1.1. | B8: Социально-бытовые услуги:
A9: 1.1.1. | B9: Покупка за счет средств получателя социальных услуг и доставка на дом продуктов питания, горячих обедов | H9: 1979 | I9: =G9/H9 -> 0
A10: 1.1.1.1 | B10: Покупка за счет средств получателя социальных услуг и доставка на дом промышленных товаров первой необходимости | H10: 1979 | I10: =G10/H10 -> 0
A11: 1.1.1.2 | B11: Покупка за счет средств получателя социальных услуг и доставка на дом средств санитарии и гигиены, средств ухода | H11: 1979 | I11: =G11/H11 -> 0
A12: 1.1.1.3 | B12: Покупка за счет средств получателя социальных услуг и доставка на дом книг, газет, журналов | H12: 1979 | I12: =G12/H12 -> 0
A13: 1.1.2. | B13: Помощь в приготовлении пищи из продуктов питания получателя социальных услуг | H13: 1979 | I13: =G13/H13 -> 0
A14: 1.1.3. | B14: Помощь в приеме пищи | H14: 1979 | I14: =G14/H14 -> 0
A15: 1.1.4. | B15: Содействие в обеспечении за счет средств получателя социальных услуг твердым топливом | H15: 1979 | I15: =G15/H15 -> 0
A16: 1.1.4.1. | B16: Топка печей при наличии печного отопления | H16: 1979 | I16: =G16/H16 -> 0
A17: 1.1.4.2. | B17: Доставка топлива от места хранения к печи | H17: 1979 | I17: =G17/H17 -> 0
A18: 1.1.4.3. | B18: Доставка воды при отсутствии центрального водоснабжения | H18: 1979 | I18: =G18/H18 -> 0
A19: 1.1.5. | B19: Содействие в организации ремонта жилых помещений | H19: 1979 | I19: =G19/H19 -> 0
A20: 1.1.6. | B20: Содействие в организации уборки жилых помещений за счет средств получателя социальных услуг, в том числе с привлечением иных лиц, служб | H20: 1979 | I20: =G20/H20 -> 0
... A25: 1.1.10. | B25: Содействие в предоставлении услуг почтовой связи за счет средств получателя социальных услуг | H25: 1979 | I25: =G25/H25 -> 0
A26: 1.1.11. | B26: Сопровождение получателя социальных услуг на прогулке | H26: 1979 | I26: =G26/H26 -> 0 | K26: и т.д
A27: 1.1.12. | B27: Содействие в организации ритуальных услуг | H27: 1979
A28: 1.1.13. | B28: Содействие в направлении в стационарную организацию социального обслуживания | H28: 1979
A29: 1.1.14. | B29: Содействие в посещении культурных мероприятий | H29: 1979
A30: 1.1.15. | B30: Оказание гигиенических услуг получателям социальных услуг, не способным по состоянию здоровья самостоятельно осуществлять за собой уход: | H30: Х
A31: 1.1.15.1. | B31: Умывание | H31: 1979
A32: 1.1.15.2. | B32: Обтирание и (или) обмывание | H32: 1979
A33: 1.1.15.3. | B33: Причесывание волос | H33: 1979
A34: 1.1.15.4. | B34: Подравнивание волос | H34: 1979
A35: 1.1.15.5. | B35: Стрижка ногтей на руках | H35: 1979
A36: 1.1.15.6. | B36: Бритье бороды и (или) усов | H36: 1979
A37: 1.1.15.7. | B37: Оказание помощи в смене нательного белья | H37: 1979
A38: 1.1.15.8. | B38: Оказание помощи в смене постельного белья | H38: 1979
A39: 1.1.15.9. | B39: Оказание помощи при вставании с постели, укладывании в постель | H39: 1979
A40: 1.1.15.10. | B40: Оказание помощи при одевании и (или) раздевании | H40: 1979
A41: 1.1.15.11. | B41: Оказание помощи в помывке в бане общего пользования | H41: 1979
A42: 1.1.15.12. | B42: Оказание помощи в помывке в ванне, душе, бане | H42: 1979
... A48: 1.1.16. | B48: Помощь в передвижении по дому | H48: 1979
A49: 1.1.17. | B49: Предоставление транспорта для перевозки получателя социальных услуг в медицинскую организацию | C49: ГСМ, ТО, ремонт авто и т.п. | H49: 1979 | I49: =G49/H49 -> 0 | K49: расходы только на услуги надомного обслуживания
A50: 1.2. | B50: Социально-медицинские услуги: | H50: Х
A51: 1.2.1. | B51: Содействие в оказании медицинской помощи, в том числе стоматологической помощи: | H51: Х
A52: 1.2.1.2. | B52: Сопровождение получателя социальных услуг в медицинскую организацию, расположенную по месту жительства получателя социальных услуг, и обратно | H52: 1979
A53: 1.2.1.3. | B53: Посещение получателя социальных услуг в медицинской организации в случае его госпитализации | H53: 1979
A54: 1.2.1.4. | B54: Содействие в получении стоматологической, в том числе зубопротезной, помощи | H54: 1979
A55: 1.2.1.5. | B55: Взятие образца биологического материала для лабораторного исследования по назначению врача | H55: 1979
A56: 1.2.1.6. | B56: Доставка в медицинскую организацию образца биологического материала для лабораторного исследования по назначению врача | H56: 1979
A57: 1.2.2. | B57: Содействие в прохождении медико-социальной экспертизы | H57: 1979
A58: 1.2.3. | B58: Содействие в направлении на санаторно-курортное лечение | H58: 1979
A59: 1.2.4. | B59: Профилактика пролежней | H59: 1979
A60: 1.2.5. | B60: Наблюдение за состоянием здоровья получателя социальных услуг | H60: 1979
A61: 1.2.6. | B61: Содействие в выполнении медицинских процедур по назначению врача, наблюдение за своевременным приемом лекарственных препаратов для медицинского применения, назначенных врачом | H61: 1979
A62: 1.2.7. | B62: Оказание помощи в выполнении физических упражнений | H62: 1979
A63: 1.2.8. | B63: Содействие в обеспечении по назначению врачей лекарственными препаратами для медицинского применения, медицинскими изделиями, а также специальными продуктами лечебного питания за счет средств получателя социальных услуг: | H63: 1979
... A66: 1.2.9. | B66: Проведение бесед по формированию здорового образа жизни | H66: 1979
A67: 1.3. | B67: Социально-психологические услуги: | H67: Х
A68: 1.3.1. | B68: Содействие в получении психологической помощи | H68: 1979
A69: 1.3.2. | B69: Проведение бесед, направленных на формирование у получателя социальных услуг позитивного психологического состояния, поддержание активного образа жизни | H69: 1979
A70: 1.4. | B70: Социально-правовые услуги: | H70: Х
A71: 1.4.2. | B71: Оказание помощи в оформлении и восстановлении документов получателя социальных услуг | H71: 1979
A72: 1.4.3. | B72: Содействие в получении юридической помощи в целях защиты прав и законных интересов получателей социальных услуг | H72: 1979
A73: 1.5. | B73: Услуги в целях повышения коммуникативного потенциала получателей социальных услуг, имеющих ограничения жизнедеятельности, в том числе детей-инвалидов: | H73: Х
A74: 1.5.1. | B74: Содействие в проведении социально-реабилитационных мероприятий в соответствии с индивидуальными программами реабилитации или абилитации инвалидов, в том числе детей-инвалидов | H74: 1979
A75: 1.5.2. | B75: Содействие в обеспечении техническими средствами реабилитации, включая протезно-ортопедические изделия, в соответствии с индивидуальными программами реабилитации или абилитации инвалидов, в том числе детей-инвалидов | H75: 1979
A76: 1.6. | B76: Социально-педагогические услуги: | H76: Х
A77: 1.6.1. | B77: Социально-педагогическая диагностика | H77: 1979
A78: 1.6.2. | B78: Социально-педагогическая коррекция | H78: 1979
A79: 1.6.3. | B79: Социально-педагогическое консультирование | H79: 1979
A80: 1 | B80: Социальные услуги, предоставляемые в форме социального обслуживания на дому (сельская местность) | H80: Х
A81: 1.1. | B81: Социально-бытовые услуги: | H81: Х
A82: 1.1.1. | B82: Покупка за счет средств получателя социальных услуг и доставка на дом продуктов питания, горячих обедов | H82: 1780.6 | I82: =G82/H82 -> 0
A83: 1.1.1.1 | B83: Покупка за счет средств получателя социальных услуг и доставка на дом промышленных товаров первой необходимости | H83: 1780.6 | I83: =G83/H83 -> 0
A84: 1.1.1.2 | B84: Покупка за счет средств получателя социальных услуг и доставка на дом средств санитарии и гигиены, средств ухода | H84: 1780.6 | I84: =G84/H84 -> 0
A85: 1.1.1.3 | B85: Покупка за счет средств получателя социальных услуг и доставка на дом книг, газет, журналов | H85: 1780.6
A86: 1.1.2. | B86: Помощь в приготовлении пищи из продуктов питания получателя социальных услуг | H86: 1780.6
A87: 1.1.3. | B87: Помощь в приеме пищи | H87: 1780.6
A88: 1.1.4. | B88: Содействие в обеспечении за счет средств получателя социальных услуг твердым топливом | H88: 1780.6
A89: 1.1.4.1. | B89: Топка печей при наличии печного отопления | H89: 1780.6
A90: 1.1.4.2. | B90: Доставка топлива от места хранения к печи | H90: 1780.6
A91: 1.1.4.3. | B91: Доставка воды при отсутствии центрального водоснабжения | H91: 1780.6
A92: 1.1.5. | B92: Содействие в организации ремонта жилых помещений | H92: 1780.6
A93: 1.1.6. | B93: Содействие в организации уборки жилых помещений за счет средств получателя социальных услуг, в том числе с привлечением иных лиц, служб | H93: 1780.6
A94: 1.1.6.1 | B94: Уборка жилых помещений | H94: 1780.6
A95: 1.1.7. | B95: Сдача за счет средств получателя социальных услуг вещей в стирку, химчистку, ремонт, получение их и доставка получателю социальных услуг | H95: 1780.6
A96: 1.1.8. | B96: Содействие в оплате за счет средств получателя социальных услуг жилого помещения, коммунальных услуг и услуг связи | H96: 1780.6
... A102: 1.1.14. | B102: Содействие в посещении культурных мероприятий | H102: 1780.6
A103: 1.1.15. | B103: Оказание гигиенических услуг получателям социальных услуг, не способным по состоянию здоровья самостоятельно осуществлять за собой уход: | H103: Х
A104: 1.1.15.1. | B104: Умывание | H104: 1780.6
A105: 1.1.15.2. | B105: Обтирание и (или) обмывание | H105: 1780.6
A106: 1.1.15.3. | B106: Причесывание волос | H106: 1780.6
A107: 1.1.15.4. | B107: Подравнивание волос | H107: 1780.6
A108: 1.1.15.5. | B108: Стрижка ногтей на руках | H108: 1780.6
A109: 1.1.15.6. | B109: Бритье бороды и (или) усов | H109: 1780.6
A110: 1.1.15.7. | B110: Оказание помощи в смене нательного белья | H110: 1780.6
A111: 1.1.15.8. | B111: Оказание помощи в смене постельного белья | H111: 1780.6
A112: 1.1.15.9. | B112: Оказание помощи при вставании с постели, укладывании в постель | H112: 1780.6
A113: 1.1.15.10. | B113: Оказание помощи при одевании и (или) раздевании | H113: 1780.6
A114: 1.1.15.11. | B114: Оказание помощи в помывке в бане общего пользования | H114: 1780.6
A115: 1.1.15.12. | B115: Оказание помощи в помывке в ванне, душе, бане | H115: 1780.6
... A121: 1.1.16. | B121: Помощь в передвижении по дому | H121: 1780.6
A122: 1.1.17. | B122: Предоставление транспорта для перевозки получателя социальных услуг в медицинскую организацию | C122: ГСМ, ТО, ремонт авто и т.п. | H122: 1979 | I122: =G122/H122 -> 0 | K122: расходы только на услуги надомного обслуживания
...

Sheet прил.4
A2: РАСЧЕТ
A3: прочих прямых затрат на один час оплаты труда персонала, оказывающего социальную услугу
A4: № п/п | B4: Наименование услуги | C4: Наименование прочих прямых затрат | D4: Стоимость прочих прямых затрат (руб.) | E4: Годовой фонд рабочего времени,согласно производственному календарю (час.) | F4: Прочие затраты (ПП) в расчете на один час оплаты труда персонала, оказывающего социальную услугу (руб)
F5: гр.6=гр.4/гр.5
A6: 1 | B6: 2 | C6: 3 | D6: 4 | E6: 5 | F6: 6
A7: 1 | B7: Социальные услуги, предоставляемые в форме социального обслуживания на дому (городская местность)
A8: 1.1. | B8: Социально-бытовые услуги:
A9: 1.1.1. | B9: Покупка за счет средств получателя социальных услуг и доставка на дом продуктов питания, горячих обедов | C9: спецодежда, обувь, инвентарь | D9: =K16 -> 0 | E9: 1979 | F9: =D9/E9 -> 0 | G9: Наименование материальных затрат | H9: Количество материальных затрат | I9: Единица измерения | J9: Цена за единицу (руб.) | K9: Стоимость материальных затрат(руб.)
A10: 1.1.1.1 | B10: Покупка за счет средств получателя социальных услуг и доставка на дом промышленных товаров первой необходимости | C10: спецодежда, обувь, инвентарь | D10: =K16 -> 0 | E10: 1979 | F10: =D10/E10 -> 0 | K10: гр. 7 =гр. 4 x гр.6
A11: 1.1.1.2 | B11: Покупка за счет средств получателя социальных услуг и доставка на дом средств санитарии и гигиены, средств ухода | C11: спецодежда, обувь, инвентарь | D11: =K16 -> 0 | E11: 1979 | F11: =D11/E11 -> 0 | G11: обувь комнатная | H11: 1 | I11: пара | K11: =H11*J11 -> 0
A12: 1.1.1.3 | B12: Покупка за счет средств получателя социальных услуг и доставка на дом книг, газет, журналов | C12: спецодежда, обувь, инвентарь | D12: =K16 -> 0 | E12: 1979 | F12: =D12/E12 -> 0 | G12: перчатки (варежки) рабочие | H12: 1 | I12: пара | K12: =H12*J12 -> 0
A13: 1.1.2. | B13: Помощь в приготовлении пищи из продуктов питания получателя социальных услуг | C13: спецодежда, обувь, инвентарь | D13: =K16 -> 0 | E13: 1979 | F13: =D13/E13 -> 0 | G13: сумка-коляска | H13: 1 | I13: шт | K13: =H13*J13 -> 0
A14: 1.1.3. | B14: Помощь в приеме пищи | C14: спецодежда, обувь, инвентарь | D14: =K16 -> 0 | E14: 1979 | F14: =D14/E14 -> 0 | G14: сумка хозяйственная | H14: 1 | I14: шт | K14: =H14*J14 -> 0
A15: 1.1.4. | B15: Содействие в обеспечении за счет средств получателя социальных услуг твердым топливом | C15: спецодежда, обувь, инвентарь | D15: =K16 -> 0 | E15: 1979 | F15: =D15/E15 -> 0 | G15: полотенце | H15: 2 | I15: шт | K15: =H15*J15 -> 0
A16: 1.1.4.1. | B16: Топка печей при наличии печного отопления | C16: спецодежда, обувь, инвентарь | D16: =K16 -> 0 | E16: 1979 | F16: =D16/E16 -> 0 | G16: сумма | K16: =SUM(K11:K15) -> 0
A17: 1.1.4.2. | B17: Доставка топлива от места хранения к печи | C17: спецодежда, обувь, инвентарь | D17: =K16 -> 0 | E17: 1979 | F17: =D17/E17 -> 0
A18: 1.1.4.3. | B18: Доставка воды при отсутствии центрального водоснабжения | C18: спецодежда, обувь, инвентарь | D18: =K16 -> 0 | E18: 1979 | F18: =D18/E18 -> 0
A19: 1.1.5. | B19: Содействие в организации ремонта жилых помещений | C19: спецодежда, обувь, инвентарь | D19: =K16 -> 0 | E19: 1979 | F19: =D19/E19 -> 0
A20: 1.1.6. | B20: Содействие в организации уборки жилых помещений за счет средств получателя социальных услуг, в том числе с привлечением иных лиц, служб | C20: спецодежда, обувь, инвентарь | D20: =K16 -> 0 | E20: 1979 | F20: =D20/E20 -> 0
A21: 1.1.6.1 | B21: Уборка жилых помещений | C21: спецодежда, обувь, инвентарь | D21: =K16 -> 0 | E21: 1979 | F21: =D21/E21 -> 0
A22: 1.1.7. | B22: Сдача за счет средств получателя социальных услуг вещей в стирку, химчистку, ремонт, получение их и доставка получателю социальных услуг | C22: спецодежда, обувь, инвентарь | D22: =K16 -> 0 | E22: 1979 | F22: =D22/E22 -> 0
A23: 1.1.8. | B23: Содействие в оплате за счет средств получателя социальных услуг жилого помещения, коммунальных услуг и услуг связи | C23: спецодежда, обувь, инвентарь | D23: =K16 -> 0 | E23: 1979 | F23: =D23/E23 -> 0
A24: 1.1.9. | B24: Оказание помощи в написании и прочтении писем и другой корреспонденции | C24: спецодежда, обувь, инвентарь | D24: =K16 -> 0 | E24: 1979 | F24: =D24/E24 -> 0
A25: 1.1.10. | B25: Содействие в предоставлении услуг почтовой связи за счет средств получателя социальных услуг | C25: спецодежда, обувь, инвентарь | D25: =K16 -> 0 | E25: 1979 | F25: =D25/E25 -> 0
A26: 1.1.11. | B26: Сопровождение получателя социальных услуг на прогулке | C26: спецодежда, обувь, инвентарь | D26: =K16 -> 0 | E26: 1979 | F26: =D26/E26 -> 0
A27: 1.1.12. | B27: Содействие в организации ритуальных услуг | C27: спецодежда, обувь, инвентарь | D27: =K16 -> 0 | E27: 1979 | F27: =D27/E27 -> 0
A28: 1.1.13. | B28: Содействие в направлении в стационарную организацию социального обслуживания | C28: спецодежда, обувь, инвентарь | D28: =K16 -> 0 | E28: 1979 | F28: =D28/E28 -> 0
A29: 1.1.14. | B29: Содействие в посещении культурных мероприятий | C29: спецодежда, обувь, инвентарь | D29: =K16 -> 0 | E29: 1979 | F29: =D29/E29 -> 0
A30: 1.1.15. | B30: Оказание гигиенических услуг получателям социальных услуг, не способным по состоянию здоровья самостоятельно осуществлять за собой уход: | E30: Х
A31: 1.1.15.1. | B31: Умывание | C31: спецодежда, обувь, инвентарь | D31: =K16 -> 0 | E31: 1979 | F31: =D31/E31 -> 0
A32: 1.1.15.2. | B32: Обтирание и (или) обмывание | C32: спецодежда, обувь, инвентарь | D32: =K16 -> 0 | E32: 1979 | F32: =D32/E32 -> 0
A33: 1.1.15.3. | B33: Причесывание волос | C33: спецодежда, обувь, инвентарь | D33: =K16 -> 0 | E33: 1979 | F33: =D33/E33 -> 0
A34: 1.1.15.4. | B34: Подравнивание волос | C34: спецодежда, обувь, инвентарь | D34: =K16 -> 0 | E34: 1979 | F34: =D34/E34 -> 0
A35: 1.1.15.5. | B35: Стрижка ногтей на руках | C35: спецодежда, обувь, инвентарь | D35: =K16 -> 0 | E35: 1979 | F35: =D35/E35 -> 0
A36: 1.1.15.6. | B36: Бритье бороды и (или) усов | C36: спецодежда, обувь, инвентарь | D36: =K16 -> 0 | E36: 1979 | F36: =D36/E36 -> 0
A37: 1.1.15.7. | B37: Оказание помощи в смене нательного белья | C37: спецодежда, обувь, инвентарь | D37: =K16 -> 0 | E37: 1979 | F37: =D37/E37 -> 0
A38: 1.1.15.8. | B38: Оказание помощи в смене постельного белья | C38: спецодежда, обувь, инвентарь | D38: =K16 -> 0 | E38: 1979 | F38: =D38/E38 -> 0
A39: 1.1.15.9. | B39: Оказание помощи при вставании с постели, укладывании в постель | C39: спецодежда, обувь, инвентарь | D39: =K16 -> 0 | E39: 1979 | F39: =D39/E39 -> 0
A40: 1.1.15.10. | B40: Оказание помощи при одевании и (или) раздевании | C40: спецодежда, обувь, инвентарь | D40: =K16 -> 0 | E40: 1979 | F40: =D40/E40 -> 0
A41: 1.1.15.11. | B41: Оказание помощи в помывке в бане общего пользования | C41: спецодежда, обувь, инвентарь | D41: =K16 -> 0 | E41: 1979 | F41: =D41/E41 -> 0
A42: 1.1.15.12. | B42: Оказание помощи в помывке в ванне, душе, бане | C42: спецодежда, обувь, инвентарь | D42: =K16 -> 0 | E42: 1979 | F42: =D42/E42 -> 0
A43: 1.1.15.13. | B43: Оказание помощи в пользовании туалетом, судном подкладным и (или) резервуаром для сбора мочи (уткой) | C43: спецодежда, обувь, инвентарь | D43: =K16 -> 0 | E43: 1979 | F43: =D43/E43 -> 0
A44: 1.1.15.14. | B44: Вынос судна подкладного и (или) резервуара для сбора мочи (утки) | C44: спецодежда, обувь, инвентарь | D44: =K16 -> 0 | E44: 1979 | F44: =D44/E44 -> 0
A45: 1.1.15.15. | B45: Смена подгузников или абсорбирующего белья | C45: спецодежда, обувь, инвентарь | D45: =K16 -> 0 | E45: 1979 | F45: =D45/E45 -> 0
A46: 1.1.15.16. | B46: Оказание помощи в ухаживании за зубами и (или) съемными зубными протезами | C46: спецодежда, обувь, инвентарь | D46: =K16 -> 0 | E46: 1979 | F46: =D46/E46 -> 0
A47: 1.1.15.17. | B47: Оказание помощи в пользовании очками и (или) слуховыми аппаратами | C47: спецодежда, обувь, инвентарь | D47: =K16 -> 0 | E47: 1979 | F47: =D47/E47 -> 0
A48: 1.1.16. | B48: Помощь в передвижении по дому | C48: спецодежда, обувь, инвентарь | D48: =K16 -> 0 | E48: 1979 | F48: =D48/E48 -> 0
A49: 1.1.17. | B49: Предоставление транспорта для перевозки получателя социальных услуг в медицинскую организацию | E49: 1979 | F49: =D49/E49 -> 0
A50: 1.2. | B50: Социально-медицинские услуги: | E50: Х
A51: 1.2.1. | B51: Содействие в оказании медицинской помощи, в том числе стоматологической помощи: | E51: Х
A52: 1.2.1.2. | B52: Сопровождение получателя социальных услуг в медицинскую организацию, расположенную по месту жительства получателя социальных услуг, и обратно | C52: спецодежда, обувь, инвентарь | D52: =K16 -> 0 | E52: 1979 | F52: =D52/E52 -> 0
A53: 1.2.1.3. | B53: Посещение получателя социальных услуг в медицинской организации в случае его госпитализации | C53: спецодежда, обувь, инвентарь | D53: =K16 -> 0 | E53: 1979 | F53: =D53/E53 -> 0
A54: 1.2.1.4. | B54: Содействие в получении стоматологической, в том числе зубопротезной, помощи | C54: спецодежда, обувь, инвентарь | D54: =K16 -> 0 | E54: 1979 | F54: =D54/E54 -> 0
A55: 1.2.1.5. | B55: Взятие образца биологического материала для лабораторного исследования по назначению врача | C55: спецодежда, обувь, инвентарь | D55: =K16 -> 0 | E55: 1979 | F55: =D55/E55 -> 0
A56: 1.2.1.6. | B56: Доставка в медицинскую организацию образца биологического материала для лабораторного исследования по назначению врача | C56: спецодежда, обувь, инвентарь | D56: =K16 -> 0 | E56: 1979 | F56: =D56/E56 -> 0
A57: 1.2.2. | B57: Содействие в прохождении медико-социальной экспертизы | C57: спецодежда, обувь, инвентарь | D57: =K16 -> 0 | E57: 1979 | F57: =D57/E57 -> 0
A58: 1.2.3. | B58: Содействие в направлении на санаторно-курортное лечение | C58: спецодежда, обувь, инвентарь | D58: =K16 -> 0 | E58: 1979 | F58: =D58/E58 -> 0
A59: 1.2.4. | B59: Профилактика пролежней | C59: спецодежда, обувь, инвентарь | D59: =K16 -> 0 | E59: 1979 | F59: =D59/E59 -> 0
A60: 1.2.5. | B60: Наблюдение за состоянием здоровья получателя социальных услуг | C60: спецодежда, обувь, инвентарь | D60: =K16 -> 0 | E60: 1979 | F60: =D60/E60 -> 0
A61: 1.2.6. | B61: Содействие в выполнении медицинских процедур по назначению врача, наблюдение за своевременным приемом лекарственных препаратов для медицинского применения, назначенных врачом | C61: спецодежда, обувь, инвентарь | D61: =K16 -> 0 | E61: 1979 | F61: =D61/E61 -> 0
A62: 1.2.7. | B62: Оказание помощи в выполнении физических упражнений | C62: спецодежда, обувь, инвентарь | D62: =K16 -> 0 | E62: 1979 | F62: =D62/E62 -> 0
A63: 1.2.8. | B63: Содействие в обеспечении по назначению врачей лекарственными препаратами для медицинского применения, медицинскими изделиями, а также специальными продуктами лечебного питания за счет средств получателя социальных услуг: | C63: спецодежда, обувь, инвентарь | D63: =K16 -> 0 | E63: 1979 | F63: =D63/E63 -> 0
A64: 1.2.8.1. | B64: Содействие в выписке рецепта (льготного рецепта) у врача на приобретение лекарственных препаратов для медицинского применения, медицинских изделий, специализированных продуктов лечебного питания для получателей социальных услуг | C64: спецодежда, обувь, инвентарь | D64: =K16 -> 0 | E64: 1979 | F64: =D64/E64 -> 0
A65: 1.2.8.2. | B65: Приобретение лекарственных препаратов для медицинского применения, медицинских изделий, специализированных продуктов лечебного питания за счет средств получателя социальных услуг либо по рецепту (льготному рецепту) и доставка на дом | C65: спецодежда, обувь, инвентарь | D65: =K16 -> 0 | E65: 1979 | F65: =D65/E65 -> 0
A66: 1.2.9. | B66: Проведение бесед по формированию здорового образа жизни | C66: спецодежда, обувь, инвентарь | D66: =K16 -> 0 | E66: 1979 | F66: =D66/E66 -> 0
A67: 1.3. | B67: Социально-психологические услуги: | E67: Х
A68: 1.3.1. | B68: Содействие в получении психологической помощи | C68: спецодежда, обувь, инвентарь | D68: =K16 -> 0 | E68: 1979 | F68: =D68/E68 -> 0
A69: 1.3.2. | B69: Проведение бесед, направленных на формирование у получателя социальных услуг позитивного психологического состояния, поддержание активного образа жизни | C69: спецодежда, обувь, инвентарь | D69: =K16 -> 0 | E69: 1979 | F69: =D69/E69 -> 0
A70: 1.4. | B70: Социально-правовые услуги: | E70: Х
A71: 1.4.2. | B71: Оказание помощи в оформлении и восстановлении документов получателя социальных услуг | C71: спецодежда, обувь, инвентарь | D71: =K16 -> 0 | E71: 1979 | F71: =D71/E71 -> 0
A72: 1.4.3. | B72: Содействие в получении юридической помощи в целях защиты прав и законных интересов получателей социальных услуг | C72: спецодежда, обувь, инвентарь | D72: =K16 -> 0 | E72: 1979 | F72: =D72/E72 -> 0
A73: 1.5. | B73: Услуги в целях повышения коммуникативного потенциала получателей социальных услуг, имеющих ограничения жизнедеятельности, в том числе детей-инвалидов: | E73: Х
A74: 1.5.1. | B74: Содействие в проведении социально-реабилитационных мероприятий в соответствии с индивидуальными программами реабилитации или абилитации инвалидов, в том числе детей-инвалидов | C74: спецодежда, обувь, инвентарь | D74: =K16 -> 0 | E74: 1979 | F74: =D74/E74 -> 0
A75: 1.5.2. | B75: Содействие в обеспечении техническими средствами реабилитации, включая протезно-ортопедические изделия, в соответствии с индивидуальными программами реабилитации или абилитации инвалидов, в том числе детей-инвалидов | C75: спецодежда, обувь, инвентарь | D75: =K16 -> 0 | E75: 1979 | F75: =D75/E75 -> 0
A76: 1.6. | B76: Социально-педагогические услуги: | E76: Х
A77: 1.6.1. | B77: Социально-педагогическая диагностика | C77: спецодежда, обувь, инвентарь | D77: =K16 -> 0 | E77: 1979 | F77: =D77/E77 -> 0
A78: 1.6.2. | B78: Социально-педагогическая коррекция | C78: спецодежда, обувь, инвентарь | D78: =K16 -> 0 | E78: 1979 | F78: =D78/E78 -> 0
A79: 1.6.3. | B79: Социально-педагогическое консультирование | C79: спецодежда, обувь, инвентарь | D79: =K16 -> 0 | E79: 1979 | F79: =D79/E79 -> 0
A80: 1 | B80: Социальные услуги, предоставляемые в форме социального обслуживания на дому (сельская местность) | E80: Х
A81: 1.1. | B81: Социально-бытовые услуги: | E81: Х
A82: 1.1.1. | B82: Покупка за счет средств получателя социальных услуг и доставка на дом продуктов питания, горячих обедов | C82: спецодежда, обувь, инвентарь | D82: =D79 -> 0 | E82: 1780.6 | F82: =D82/E82 -> 0
A83: 1.1.1.1 | B83: Покупка за счет средств получателя социальных услуг и доставка на дом промышленных товаров первой необходимости | C83: спецодежда, обувь, инвентарь | D83: =D82 -> 0 | E83: 1780.6 | F83: =D83/E83 -> 0
A84: 1.1.1.2 | B84: Покупка за счет средств получателя социальных услуг и доставка на дом средств санитарии и гигиены, средств ухода | C84: спецодежда, обувь, инвентарь | D84: =D83 -> 0 | E84: 1780.6 | F84: =D84/E84 -> 0
A85: 1.1.1.3 | B85: Покупка за счет средств получателя социальных услуг и доставка на дом книг, газет, журналов | C85: спецодежда, обувь, инвентарь | D85: =D84 -> 0 | E85: 1780.6 | F85: =D85/E85 -> 0
A86: 1.1.2. | B86: Помощь в приготовлении пищи из продуктов питания получателя социальных услуг | C86: спецодежда, обувь, инвентарь | D86: =D85 -> 0 | E86: 1780.6 | F86: =D86/E86 -> 0
A87: 1.1.3. | B87: Помощь в приеме пищи | C87: спецодежда, обувь, инвентарь | D87: =D86 -> 0 | E87: 1780.6 | F87: =D87/E87 -> 0
A88: 1.1.4. | B88: Содействие в обеспечении за счет средств получателя социальных услуг твердым топливом | C88: спецодежда, обувь, инвентарь | D88: =D87 -> 0 | E88: 1780.6 | F88: =D88/E88 -> 0
A89: 1.1.4.1. | B89: Топка печей при наличии печного отопления | C89: спецодежда, обувь, инвентарь | D89: =D88 -> 0 | E89: 1780.6 | F89: =D89/E89 -> 0
A90: 1.1.4.2. | B90: Доставка топлива от места хранения к печи | C90: спецодежда, обувь, инвентарь | D90: =D89 -> 0 | E90: 1780.6 | F90: =D90/E90 -> 0
A91: 1.1.4.3. | B91: Доставка воды при отсутствии центрального водоснабжения | C91: спецодежда, обувь, инвентарь | D91: =D90 -> 0 | E91: 1780.6 | F91: =D91/E91 -> 0
A92: 1.1.5. | B92: Содействие в организации ремонта жилых помещений | C92: спецодежда, обувь, инвентарь | D92: =D91 -> 0 | E92: 1780.6 | F92: =D92/E92 -> 0
A93: 1.1.6. | B93: Содействие в организации уборки жилых помещений за счет средств получателя социальных услуг, в том числе с привлечением иных лиц, служб | C93: спецодежда, обувь, инвентарь | D93: =D92 -> 0 | E93: 1780.6 | F93: =D93/E93 -> 0
A94: 1.1.6.1 | B94: Уборка жилых помещений | C94: спецодежда, обувь, инвентарь | D94: =D93 -> 0 | E94: 1780.6 | F94: =D94/E94 -> 0
... A102: 1.1.14. | B102: Содействие в посещении культурных мероприятий | C102: спецодежда, обувь, инвентарь | D102: =D101 -> 0 | E102: 1780.6 | F102: =D102/E102 -> 0
A103: 1.1.15. | B103: Оказание гигиенических услуг получателям социальных услуг, не способным по состоянию здоровья самостоятельно осуществлять за собой уход: | E103: Х
A104: 1.1.15.1. | B104: Умывание | C104: спецодежда, обувь, инвентарь | D104: =D102 -> 0 | E104: 1780.6 | F104: =D104/E104 -> 0
A105: 1.1.15.2. | B105: Обтирание и (или) обмывание | C105: спецодежда, обувь, инвентарь | D105: =D104 -> 0 | E105: 1780.6 | F105: =D105/E105 -> 0
A106: 1.1.15.3. | B106: Причесывание волос | C106: спецодежда, обувь, инвентарь | D106: =D105 -> 0 | E106: 1780.6 | F106: =D106/E106 -> 0
A107: 1.1.15.4. | B107: Подравнивание волос | C107: спецодежда, обувь, инвентарь | D107: =D106 -> 0 | E107: 1780.6 | F107: =D107/E107 -> 0
A108: 1.1.15.5. | B108: Стрижка ногтей на руках | C108: спецодежда, обувь, инвентарь | D108: =D107 -> 0 | E108: 1780.6 | F108: =D108/E108 -> 0
...

Sheet прил.5
A2: Расчет подушевых нормативов финансирования социальных услуг, предоставляемых поставщиками социальных услуг на территории Кировской области
C4: здесь можно удалить формулы внутри ячеек, если они не нужны
A5: № | B5: Наименование услуги | C5: Фонд заработной платы на 1 койко-место (1 человека) (руб./день) из приложения 6 | D5: Социальные отчисления на фонд заработной платы работника, оказывающего услугу (руб./день) | E5: Материальные затраты на 1 (койко-место) человека (руб./день) из приложения 7 | F5: Прочие прямые затраты на 1 койко-место (руб./день) из приложения 8 | G5: Всего прямые расходы на 1 койко-место (руб./день) | H5: Коэффициент косвенных расходов из приложения 9 | I5: Косвенные расходы на 1 койко место (руб./день) гр.9=гр.7 х гр. 8 | J5: Подушевой норматив финансирования на 1 койко-место (руб./день) гр.10=гр.7+ гр.9 в приложение 1 графа 11
G6: гр.7=гр.3 + гр.4+гр.5+ гр.6
A7: 1 | B7: 2 | C7: 3 | D7: 4 | E7: 5 | F7: 6 | G7: 7 | H7: 8 | I7: 9 | J7: 10
A8: 2.1.1. | B8: Предоставление помещений для организации социально-реабилитационных и социокультурных мероприятий | C8: =прил.6!H8 -> #DIV/0! | D8: =C8*0.302 -> #DIV/0! | E8: =прил.7!I6 -> #DIV/0! | F8: =прил.8!F9 -> #DIV/0! | G8: =C8+D8+E8+F8 -> #DIV/0! | H8: =прил.9!C115 -> 0.76646072 | I8: =G8*H8 -> #DIV/0! | J8: =G8+I8 -> #DIV/0!
A9: 2.1.2. | B9: Обеспечение питанием согласно утвержденным нормативам | C9: =прил.6!H9 -> #DIV/0! | D9: =C9*0.302 -> #DIV/0! | E9: =прил.7!I7 -> #DIV/0! | F9: =прил.8!F10 -> #DIV/0! | G9: =C9+D9+E9+F9 -> #DIV/0! | H9: =прил.9!C115 -> 0.76646072 | I9: =G9*H9 -> #DIV/0! | J9: =G9+I9 -> #DIV/0!
A10: 2.1.3. | B10: Предоставление в пользование мебели согласно утвержденным нормативам | C10: =прил.6!H10 -> #DIV/0! | D10: =C10*0.302 -> #DIV/0! | E10: =прил.7!I8 -> #DIV/0! | F10: =прил.8!F11 -> #DIV/0! | G10: =C10+D10+E10+F10 -> #DIV/0! | H10: =прил.9!C115 -> 0.76646072 | I10: =G10*H10 -> #DIV/0! | J10: =G10+I10 -> #DIV/0!
A11: 2.1.4. | B11: Обеспечение книгами, журналами, газетами, настольными играми, иным инвентарем для организации досуга | C11: =прил.6!H11 -> #DIV/0! | D11: =C11*0.302 -> #DIV/0! | E11: =прил.7!I9 -> #DIV/0! | F11: =прил.8!F12 -> #DIV/0! | G11: =C11+D11+E11+F11 -> #DIV/0! | H11: =прил.9!C115 -> 0.76646072 | I11: =G11*H11 -> #DIV/0! | J11: =G11+I11 -> #DIV/0!
A12: 2.1.5. | B12: Предоставление постельных принадлежностей, спального места в специальном помещении | C12: =прил.6!H12 -> #DIV/0! | D12: =C12*0.302 -> #DIV/0! | E12: =прил.7!I10 -> #DIV/0! | F12: =прил.8!F13 -> #DIV/0! | G12: =C12+D12+E12+F12 -> #DIV/0! | H12: =прил.9!C115 -> 0.76646072 | I12: =G12*H12 -> #DIV/0! | J12: =G12+I12 -> #DIV/0!
A13: 3.1.1. | B13: Предоставление жилых помещений, помещений для организации социально-реабилитационных и социокультурных мероприятий | C13: =прил.6!H13 -> 21.076588 | D13: =C13*0.302 -> 6.3651297 | E13: =прил.7!I11 -> 3.2602342 | F13: =прил.8!F14 -> 117.30775 | G13: =C13+D13+E13+F13 -> 148.0097 | H13: =прил.9!C115 -> 0.76646072 | I13: =G13*H13 -> 113.44362 | J13: =G13+I13 -> 261.45333
A14: 3.1.2. | B14: Обеспечение питанием согласно утвержденным нормативам: | C14: Х | D14: Х | E14: Х | F14: Х | G14: Х | H14: Х | I14: Х | J14: Х
A15: 3.1.2.(1) | B15: Обеспечение питанием согласно утвержденным нормативам (для совершеннолетних в стационарных организациях (отделениях) социального обслуживания ). | C15: =прил.6!H15 -> 2.0964208 | D15: =C15*0.302 -> 0.63311909 | E15: =прил.7!I13 -> 0 | F15: =прил.8!F16 -> 0 | G15: =C15+D15+E15+F15 -> 2.7295399 | H15: =прил.9!C115 -> 0.76646072 | I15: =G15*H15 -> 2.0920851 | J15: =G15+I15 -> 4.821625
A16: 3.1.2.(2) | B16: Обеспечение питанием согласно утвержденным нормативам (для несовершеннолетних в стационарных организациях (отделениях) социального обслуживания). | C16: =прил.6!H16 -> #DIV/0! | D16: =C16*0.302 -> #DIV/0! | E16: =прил.7!I14 -> #DIV/0! | F16: =прил.8!F17 -> #DIV/0! | G16: =C16+D16+E16+F16 -> #DIV/0! | H16: =прил.9!C115 -> 0.76646072 | I16: =G16*H16 -> #DIV/0! | J16: =G16+I16 -> #DIV/0!
A17: 3.1.2.(3) | B17: Обеспечение питанием согласно утвержденным нормативам (для несовершеннолетних с психическими заболеваниями в стационарных организациях (отделениях) социального обслуживания, для совершеннолетних с психическими заболеваниями в детском доме-интернате). | C17: =прил.6!H17 -> #DIV/0! | D17: =C17*0.302 -> #DIV/0! | E17: =прил.7!I15 -> #DIV/0! | F17: =прил.8!F18 -> #DIV/0! | G17: =C17+D17+E17+F17 -> #DIV/0! | H17: =прил.9!C115 -> 0.76646072 | I17: =G17*H17 -> #DIV/0! | J17: =G17+I17 -> #DIV/0!
A18: 3.1.2.(4) | B18: Обеспечение питанием согласно утвержденным нормативам (для совершеннолетних с психическими заболеваниями в стационарных организациях (отделениях) социального обслуживания). | C18: =прил.6!H18 -> #DIV/0! | D18: =C18*0.302 -> #DIV/0! | E18: =прил.7!I16 -> #DIV/0! | F18: =прил.8!F19 -> #DIV/0! | G18: =C18+D18+E18+F18 -> #DIV/0! | H18: =прил.9!C115 -> 0.76646072 | I18: =G18*H18 -> #DIV/0! | J18: =G18+I18 -> #DIV/0!
A19: 3.1.3. | B19: Предоставление в пользование мебели согласно утвержденным нормативам | C19: =прил.6!H19 -> 3.1615019 | D19: =C19*0.302 -> 0.95477358 | E19: =прил.7!I17 -> 11.206478 | F19: =прил.8!F20 -> 3.7848047 | G19: =C19+D19+E19+F19 -> 19.107558 | H19: =прил.9!C115 -> 0.76646072 | I19: =G19*H19 -> 14.645193 | J19: =G19+I19 -> 33.752751
A20: 3.1.4. | B20: Обеспечение книгами, журналами, газетами, настольными играми, иным инвентарем для организации досуга | C20: =прил.6!H20 -> 3.0961772 | D20: =C20*0.302 -> 0.93504553 | E20: =прил.7!I18 -> 0.17092556 | F20: =прил.8!F21 -> 0.034185112 | G20: =C20+D20+E20+F20 -> 4.2363335 | H20: =прил.9!C115 -> 0.76646072 | I20: =G20*H20 -> 3.2469832 | J20: =G20+I20 -> 7.4833167
A21: 3.1.5. | B21: Обеспечение мягким инвентарем (одеждой, обувью и постельными принадлежностями) согласно утвержденным нормативам | C21: =прил.6!H21 -> 3.4785066 | D21: =C21*0.302 -> 1.050509 | E21: =прил.7!I19 -> 9.0632425 | F21: =прил.8!F22 -> 3.7848047 | G21: =C21+D21+E21+F21 -> 17.377063 | H21: =прил.9!C115 -> 0.76646072 | I21: =G21*H21 -> 13.318836 | J21: =G21+I21 -> 30.695899

Sheet прил.6
A2: Расчет подушевых нормативов финансирования социальных услуг, предоставляемых поставщиками социальных услуг на территории Кировской области
C4: пишем свои должности по штатному | D4: оклад и стимулирующие за год (оклад*12 мес) | G4: здесь выполненное кол-во койко-дней за 2024 год
A5: № | B5: Наименование услуги | C5: Должности работников, оказывающих услугу | D5: Должностной оклад ( за предыдущий период) (берем за год) | E5: Стимулирующие и компенсационные выплаты (за предыдущий период, за год) | F5: Фонд заработной платы работников, оказывающих услугу (за предыдущий период)гр.6 = гр.4+ гр.5 | G5: Фактическое количество показателей, характеризующих объем, оказываемых государственных услуг (выполнения работ) за предыдущий период (койко-дни, человеко-дни) | H5: Фонд заработной платы работника, оказывающего услугу на 1 койко-место (человека) (руб./день) гр.8 = гр.6 / гр.7,
A7: 1 | B7: 2 | C7: 3 | D7: 4 | E7: 5 | F7: 6 | G7: 7 | H7: 8
A8: 2.1.1. | B8: Предоставление помещений для организации социально-реабилитационных и социокультурных мероприятий | C8: специалист по социальной работе | F8: =D8+E8 -> 0 | H8: =F8/G8 -> #DIV/0!
A9: 2.1.2. | B9: Обеспечение питанием согласно утвержденным нормативам | C9: буфетчик | F9: =D9+E9 -> 0 | H9: =F9/G9 -> #DIV/0!
A10: 2.1.3. | B10: Предоставление в пользование мебели согласно утвержденным нормативам | C10: специалист по социальной работе | F10: =D10+E10 -> 0 | H10: =F10/G10 -> #DIV/0!
A11: 2.1.4. | B11: Обеспечение книгами, журналами, газетами, настольными играми, иным инвентарем для организации досуга | C11: специалист по социальной работе, культорганизатор | F11: =D11+E11 -> 0 | H11: =F11/G11 -> #DIV/0!
A12: 2.1.5. | B12: Предоставление постельных принадлежностей, спального места в специальном помещении | C12: специалист по социальной работе | F12: =D12+E12 -> 0 | H12: =F12/G12 -> #DIV/0!
A13: 3.1.1. | B13: Предоставление жилых помещений, помещений для организации социально-реабилитационных и социокультурных мероприятий | C13: зав.отделением, зав.хоз., уборщик территорий, маляр,лифтер,слесарь-сантехник,электромонтер,уборщик помещений | D13: 987999 | E13: 1478172.6 | F13: =D13+E13 -> 2466171.6 | G13: 117010 | H13: =F13/G13 -> 21.076588
A14: 3.1.2. | B14: Обеспечение питанием согласно утвержденным нормативам: | C14: Х | D14: Х | E14: Х | F14: Х | G14: Х | H14: Х
A15: 3.1.2.(1) | B15: Обеспечение питанием согласно утвержденным нормативам (для совершеннолетних в стационарных организациях (отделениях) социального обслуживания ). | C15: буфетчик, повар, кухонный рабочий, мойщик посуды и т.д. | D15: 111501 | E15: 133801.2 | F15: =D15+E15 -> 245302.2 | G15: 117010 | H15: =F15/G15 -> 2.0964208
A16: 3.1.2.(2) | B16: Обеспечение питанием согласно утвержденным нормативам (для несовершеннолетних в стационарных организациях (отделениях) социального обслуживания). | C16: буфетчик, повар, кухонный рабочий, мойщик посуды и т.д. | F16: =D16+E16 -> 0 | H16: =F16/G16 -> #DIV/0!
A17: 3.1.2.(3) | B17: Обеспечение питанием согласно утвержденным нормативам (для несовершеннолетних с психическими заболеваниями в стационарных организациях (отделениях) социального обслуживания, для совершеннолетних с психическими заболеваниями в детском доме-интернате). | C17: буфетчик, повар, кухонный рабочий, мойщик посуды и т.д. | F17: =D17+E17 -> 0 | H17: =F17/G17 -> #DIV/0!
A18: 3.1.2.(4) | B18: Обеспечение питанием согласно утвержденным нормативам (для совершеннолетних с психическими заболеваниями в стационарных организациях (отделениях) социального обслуживания). | C18: буфетчик, повар, кухонный рабочий, мойщик посуды и т.д. | F18: =D18+E18 -> 0 | H18: =F18/G18 -> #DIV/0!
A19: 3.1.3. | B19: Предоставление в пользование мебели согласно утвержденным нормативам | C19: Кладовщик | D19: =9065*9+9972*3 -> 111501 | E19: =77505.75+28420.2+65268+9065+29916+48251.39 -> 258426.34 | F19: =D19+E19 -> 369927.34 | G19: 117010 | H19: =F19/G19 -> 3.1615019
A20: 3.1.4. | B20: Обеспечение книгами, журналами, газетами, настольными играми, иным инвентарем для организации досуга | C20: библиотекарь | D20: =10739*9+11813*3 -> 132090 | E20: =43492.95+15947.55+77320.8+10739+35439+47254.4 -> 230193.7 | F20: =D20+E20 -> 362283.7 | G20: 117010 | H20: =F20/G20 -> 3.0961772
A21: 3.1.5. | B21: Обеспечение мягким инвентарем (одеждой, обувью и постельными принадлежностями) согласно утвержденным нормативам | C21: кладовщик, сестра-хозяйка, специалист по закупкам | D21: =(10495+11010*11+111501+11156*9+12272*4)/3 -> 130866 | E21: =(7871.25+7871.25+8257.5*11+8257.5*11+49351.88+258426.34+8367*9+9204*4+11156*9+12272*4+61665.45)/3 -> 276154.06 | F21: =D21+E21 -> 407020.06 | G21: 117010 | H21: =F21/G21 -> 3.4785066

Sheet прил.7
A2: Расчет материальных затрат
A4: № | B4: Наименование услуги | C4: Наименование материальных затрат | D4: Количество материальных затрат | E4: Единица измерения | F4: Цена за единицу (руб.) | G4: Стоимость материальных затрат за предыдущий год гр.7=гр. 4 хгр.6 | H4: Фактическое количество показателей, характеризующих объем, оказываемых государственных услуг (выполнения работ) за предыдущий период (койко-дни, человеко-дни) | I4: Стоимость материальных затрат на 1 койко-место (человека) (руб./день) гр. 9 =гр. 7 / гр.8,
A5: 1 | B5: 2 | C5: 3 | D5: 4 | E5: 5 | F5: 6 | G5: 7 | H5: 8 | I5: 9
A6: 2.1.1. | B6: Предоставление помещений для организации социально-реабилитационных и социокультурных мероприятий | C6: коммунальные услуги | I6: =G6/H6 -> #DIV/0! | J6: часть расходов, которая приходится на данную услугу
A7: 2.1.2. | B7: Обеспечение питанием согласно утвержденным нормативам | C7: продукты питания, аутсорсинг | I7: =G7/H7 -> #DIV/0!
A8: 2.1.3. | B8: Предоставление в пользование мебели согласно утвержденным нормативам | C8: мебель | I8: =G8/H8 -> #DIV/0!
A9: 2.1.4. | B9: Обеспечение книгами, журналами, газетами, настольными играми, иным инвентарем для организации досуга | C9: книги, журналы, игры, подписка | I9: =G9/H9 -> #DIV/0!
A10: 2.1.5. | B10: Предоставление постельных принадлежностей, спального места в специальном помещении | C10: постельное белье, кровать | I10: =G10/H10 -> #DIV/0!
A11: 3.1.1. | B11: Предоставление жилых помещений, помещений для организации социально-реабилитационных и социокультурных мероприятий | C11: хозтовары | D11: 3609 | E11: ус.ед. | F11: 105.7 | G11: 381480 | H11: 117010 | I11: =G11/H11 -> 3.2602342 | J11: 381481/3609 щт.=105,70
A12: 3.1.2. | B12: Обеспечение питанием согласно утвержденным нормативам: | C12: Х | D12: Х | E12: Х | F12: Х | G12: Х | H12: Х | I12: Х | J12: справочно подпишите стоимость услуги питания на 2026 год, если есть данные
A13: 3.1.2.(1) | B13: Обеспечение питанием согласно утвержденным нормативам (для совершеннолетних в стационарных организациях (отделениях) социального обслуживания ). | C13: продукты питания, аутсорсинг | D13: 0 | E13: 0 | F13: 0 | G13: 0 | H13: 117010 | I13: =G13/H13 -> 0
A14: 3.1.2.(2) | B14: Обеспечение питанием согласно утвержденным нормативам (для несовершеннолетних в стационарных организациях (отделениях) социального обслуживания). | C14: продукты питания, аутсорсинг | I14: =G14/H14 -> #DIV/0!
A15: 3.1.2.(3) | B15: Обеспечение питанием согласно утвержденным нормативам (для несовершеннолетних с психическими заболеваниями в стационарных организациях (отделениях) социального обслуживания, для совершеннолетних с психическими заболеваниями в детском доме-интернате). | C15: продукты питания, аутсорсинг | I15: =G15/H15 -> #DIV/0!
A16: 3.1.2.(4) | B16: Обеспечение питанием согласно утвержденным нормативам (для совершеннолетних с психическими заболеваниями в стационарных организациях (отделениях) социального обслуживания). | C16: продукты питания, аутсорсинг | I16: =G16/H16 -> #DIV/0!
A17: 3.1.3. | B17: Предоставление в пользование мебели согласно утвержденным нормативам | C17: мебель | D17: 6195.17 | E17: ус.ед. | F17: 12341.18 | G17: 1311270 | H17: 117010 | I17: =G17/H17 -> 11.206478 | J17: мебель за 1шт.(5630,69+5470+1240,49)
A18: 3.1.4. | B18: Обеспечение книгами, журналами, газетами, настольными играми, иным инвентарем для организации досуга | C18: книги, журналы, игры, подписка | D18: 316 | E18: ус.ед. | F18: 63.29 | G18: 20000 | H18: 117010 | I18: =G18/H18 -> 0.17092556 | J18: Почта России (20000,00/316чел.=63,29
A19: 3.1.5. | B19: Обеспечение мягким инвентарем (одеждой, обувью и постельными принадлежностями) согласно утвержденным нормативам | C19: мягкий инвентарь | D19: 1687 | E19: ус.ед. | F19: 628.62 | G19: 1060490 | H19: 117010 | I19: =G19/H19 -> 9.0632425 | J19: 1060490/1687шт.=628,62

Sheet прил.8
A2: Расчет прочих прямых затрат
A4: № п/п | B4: Наименование услуги | C4: Наименование прочих прямых затрат | D4: Стоимость прочих прямых затрат (руб.) за предыдущий год | E4: Фактическое количество показателей, характеризующих объем, оказываемых государственных услуг (выполнения работ) за предыдущий период (койко-дни, человеко-дни) | F4: Стоимость прочих прямых затрат на 1 койко-место (человека) (руб./день.) гр.6=гр.4/гр.5
A8: 1 | B8: 2 | C8: 3 | D8: 4 | E8: 5 | F8: 6
A9: 2.1.1. | B9: Предоставление помещений для организации социально-реабилитационных и социокультурных мероприятий | C9: моющие и дез.средства | F9: =D9/E9 -> #DIV/0!
A10: 2.1.2. | B10: Обеспечение питанием согласно утвержденным нормативам | C10: моющие и дез.средства, посуда, техника и мебель для кухни, коммунальные расходы | F10: =D10/E10 -> #DIV/0!
A11: 2.1.3. | B11: Предоставление в пользование мебели согласно утвержденным нормативам | C11: моющие и дез.средства | F11: =D11/E11 -> #DIV/0!
A12: 2.1.4. | B12: Обеспечение книгами, журналами, газетами, настольными играми, иным инвентарем для организации досуга | F12: =D12/E12 -> #DIV/0!
A13: 2.1.5. | B13: Предоставление постельных принадлежностей, спального места в специальном помещении | C13: моющие и дез.средства, услуги химчистки | F13: =D13/E13 -> #DIV/0!
A14: 3.1.1. | B14: Предоставление жилых помещений, помещений для организации социально-реабилитационных и социокультурных мероприятий | C14: Расходы на комм-услуги: - отопление,- водоснабжение, - элктроэнергия; Расходы на дератизацию и дезинфекцию; Вывоз мусора, Техническое обслуживание и текущий ремонт оборудования; Текущий ремонт зданий; Расходы на противопожарные мероприятия; Текущий ремонт автотранспорта | D14: 13726180 | E14: 117010 | F14: =D14/E14 -> 117.30775
A15: 3.1.2. | B15: Обеспечение питанием согласно утвержденным нормативам: | C15: Х | D15: Х | E15: Х | F15: Х
A16: 3.1.2.(1) | B16: Обеспечение питанием согласно утвержденным нормативам (для совершеннолетних в стационарных организациях (отделениях) социального обслуживания ). | C16: моющие и дез.средства, посуда, техника и мебель для кухни, коммунальные расходы | D16: 0 | E16: 117010 | F16: =D16/E16 -> 0
A17: 3.1.2.(2) | B17: Обеспечение питанием согласно утвержденным нормативам (для несовершеннолетних в стационарных организациях (отделениях) социального обслуживания). | C17: моющие и дез.средства, посуда, техника и мебель для кухни, коммунальные расходы | F17: =D17/E17 -> #DIV/0!
A18: 3.1.2.(3) | B18: Обеспечение питанием согласно утвержденным нормативам (для несовершеннолетних с психическими заболеваниями в стационарных организациях (отделениях) социального обслуживания, для совершеннолетних с психическими заболеваниями в детском доме-интернате). | C18: моющие и дез.средства, посуда, техника и мебель для кухни, коммунальные расходы | F18: =D18/E18 -> #DIV/0!
A19: 3.1.2.(4) | B19: Обеспечение питанием согласно утвержденным нормативам (для совершеннолетних с психическими заболеваниями в стационарных организациях (отделениях) социального обслуживания). | C19: моющие и дез.средства, посуда, техника и мебель для кухни, коммунальные расходы | F19: =D19/E19 -> #DIV/0!
A20: 3.1.3. | B20: Предоставление в пользование мебели согласно утвержденным нормативам | C20: моющие и дез.средства | D20: 442860 | E20: 117010 | F20: =D20/E20 -> 3.7848047 | G20: прил.9, п. 1.2.6
A21: 3.1.4. | B21: Обеспечение книгами, журналами, газетами, настольными играми, иным инвентарем для организации досуга | C21: Услуги по подписке доставке газет, журналов, периодических изданий | D21: 4000 | E21: 117010 | F21: =D21/E21 -> 0.034185112 | G21: Почта России
A22: 3.1.5. | B22: Обеспечение мягким инвентарем (одеждой, обувью и постельными принадлежностями) согласно утвержденным нормативам | C22: моющие и дез.средства, услуги химчистки | D22: 442860 | E22: 117010 | F22: =D22/E22 -> 3.7848047

Sheet прил.9
A4: Расчет коэффициента косвенных расходов
C5: касса 2024 года (госзадание+предпринимательская)
A6: № п/п | B6: Наименование расходов | C6: Расходы учреждения за предыдущий год. (тыс. руб.)
B9: 2 | C9: 3
A10: 1 | B10: Прямые расходы, всего (гр.1.1+гр.1.2+гр.1.3) | C10: =C11+C12+C34 -> 94975.875 | D10: в раздел 1 включаются расходы, которые непосредственно связаны с оказанием услуг
A11: 1.1 | B11: Расходы на заработную плату и социальные отчисления | C11: 49776.71
A12: 1.2 | B12: Материальные затраты, в том числе: | C12: =SUM(C13:C33) -> 31472.985 | E12: КОММЕНТАРИЙ
A13: 1.2.1. | B13: Медикаменты | C13: 0
A14: 1.2.2. | B14: Мягкий инвентарь | C14: 1060.49 | E14: Ип Косминов, Силтекс ООО, ИП Новикова
A15: 1.2.3. | B15: Питание (аутсорсинг, продукты) | C15: 27708.56 | E15: Технология
A16: 1.2.5. | B16: Средства личной гигиены(мыло, туал.бумага,шампунь, зубная паста, зубная щетка) | C16: 188.21 | E16: Восторг ООО, Дезвит -Трейд, ИП Гагаринов
A17: 1.2.6. | B17: Моющие и дезинфицирующие средства, средства для стирки | C17: 442.86 | E17: ИП Романов, Конкордика ООО, Промышленное оборудование, Спецмедпроект -Регион ООО
A18: 1.2.7. | B18: Мебель для ванной | C18: 16.13 | E18: Химторг
A19: 1.2.8. | B19: Душевые кабинки | C19: 44.8 | E19: Химторг
A20: 1.2.9. | B20: Триммер | C20: 30.8 | E20: Алтай сервис
A21: 1.2.10. | B21: Кровати мед.общебольничные | C21: 679.62 | E21: АКВА МАРКАС ООО+ ТЕХНОИМПОРТ+ НПО ПРОМЕТ
A22: 1.2.11. | B22: Мебель в комнаты | C22: 606.51 | E22: Офис и стиль
A23: 1.2.12. | B23: Телевизоры | C23: 103.6 | E23: Служба Ф1
A24: 1.2.13. | B24: Рукавицы, губки пенообразующие, пенка для ухода за телом | C24: 152.74 | E24: Лаварсан + Корлайн ООО
A25: 1.2.14. | B25: Посуда | C25: 45.36 | E25: Стайл
... A33: 1.2.22 | B33: Мочеприемник мужской | C33: 14.175 | E33: КОНКОРДИКА ООО
A34: 1.3. | B34: Прочие прямые расходы, в том числе: | C34: =SUM(C35:C51) -> 13726.18
A35: 1.3.1. | B35: Отопление | C35: 6,938,04 | E35: Евро-строй + Облкоммунсервис
A36: 1.3.3. | B36: Электроснабжение | C36: 5286.07 | E36: Энергосбыт плюс
A37: 1.3.4. | B37: Вода, водоотведение, негативное воздействие | C37: 1301.76 | E37: ВКР МУП и Водоканал
A38: 1.3.6. | B38: Услуги по стирке белья | C38: 0
A39: 1.3.7. | B39: Основные средства (расшифровать)
A40: 1.3.8. | B40: Капитальный ремонт зданий и помещений | C40: 4517.84 | E40: Аврора плюс ООО
A41: 1.3.9. | B41: Текущий ремонт оборудования
A42: 1.3.10 | B42: Аварийный ремонт теплотрассы | C42: 298.21 | E42: акватэрм
A43: 1.3.11 | B43: ТО системы видеонаблюдения | C43: 156.2 | E43: Безопасность и техника
A44: 1.3.12 | B44: Услуги по дератизации, дезинфекции, дезинсекции | C44: 177.24 | E44: Формед + Центр дезинфекции
A45: 1.3.13 | B45: Ремонт автотранспорта | C45: 143.16 | E45: автоцентр к16
A46: 1.3.14 | B46: Услуги по подписке газет и журналов | C46: 110.22 | E46: Вятский издательский дом+Деловая пресса
A47: 1.3.15 | B47: Услуги по предпохоронной подготовке тел умерших | C47: 73.83 | E47: ИП Михонин
A48: 1.3.16 | B48: Услуги по погребению | C48: 86.63 | E48: ИП Михонин
A49: 1.3.17 | B49: Техническое обслуживание средств пожарной сигнализации и пожарной безопасности | C49: 460.27 | E49: брандмастер + РСБ
A50: 1.3.18 | B50: Вывоз мусора и транспортировка и захоронение ТКО | C50: 664.18 | E50: Куприт + КДУ-3
A51: 1.3.19 | B51: Техническое обслуживание лифтов | C51: 450.57 | E51: Лифтмотаж
A52: 2 | B52: Косвенные расходы всего (гр.2.1+гр.2.2+гр.2.3+гр.2.4+гр.2.5+гр.2.6+гр.2.7+гр.2.8+гр.2.9+гр.2.10) | C52: =C53+C54+C60+C62+C65+C78+C95+C104+C105+C106 -> 72795.278
A53: 2.1. | B53: Заработная плата управленческого персонала с социальными отчислениями | C53: 61780.23
A54: 2.2. | B54: Расходы на оказание услуг связи, в том числе: | C54: =SUM(C55:C59) -> 463.72
A55: 2.2.1. | B55: услуги связи
A56: 2.2.1.1 | B56: услуги почтовой связи | C56: 20 | E56: УФПС России
A57: 2.2.1.2 | B57: услуги телефонной, телеграфной, факсимильной и других видов связи | C57: 439.92 | E57: Эр-телеком и Ростелеком
A58: 2.2.1.3 | B58: услуги Интернет | C58: 2.6 | E58: Вымпел
A59: 2.2.1.4 | B59: другие аналогичные расходы (расшифровать) | C59: 1.2 | E59: Мегафон
A60: 2.3. | B60: Транспортные расходы, в том числе: | C60: =C61 -> 18.09
A61: 2.3.1 | B61: (ОСАГО и прочее) | C61: 18.09 | E61: ВСК + ЮГОРИЯ
A62: 2.4 | B62: Расходы на коммунальные услуги , в том числе: | C62: =SUM(C63:C64) -> 250.5
A63: 2.4.1. | B63: отопление (Услуги за работы по обнаружению утечки комм.теплотрассы) | C63: 5 | E63: ИП Леушин
A64: 2.4.5 | B64: водоотведение (Ремонт и прочистка канализационных коммуникации) | C64: 245.5 | E64: ЭНТЕХ ООО
A65: 2.5 | B65: Расходы на работы, услуги по содержанию имущества, в том числе: | C65: =SUM(C66:C77) -> 810.63
A66: 2.5.2 | B66: Обслуживание офисной техники | C66: 110.25 | E66: РОСТ ВЯТКА ООО
A67: 2.5.3 | B67: ТО технических средств (диагностика приборов учета,экспертиза технического состояния оборудования, дизельно-генераторной установки, замер сопротивления изоляции и заземления) | C67: 84.75 | E67: ВТК сервис + Регионэнергосервис + СТЭП ТРАНС ООО + ТЕПЛОТЕХНИКА-СЕРВИС ООО+ ТЦ МИР+ Энергостройкомплект
A68: 2.5.4 | B68: Текущий ремонт оборудования (диагностика и ремонт дез.камеры) | C68: 15.4 | E68: Медицинская техника
A69: 2.5.5 | B69: Обследование технического состояния зданий | C69: 200 | E69: КЭСО ООО
A70: 2.5.6 | B70: ТО и осмотр, ремонт автотранспорта | C70: 55.31 | E70: ип Лалетина + Премьер-ПРОФИ+ Техконтроль
A71: 2.5.7 | B71: Оценка рыночной ст-ти права врем.пользования 1 кв.м. помещений и элементов зданий | C71: 12.9 | E71: ООО "Северная оценочная компания"
A72: 2.5.8 | B72: Оценка соответствия требования безопасности ТО лифтов | C72: 39.35 | E72: Вятка-лифт
A73: 2.5.9 | B73: Очистка кровли от снега, зимнее содержание территории, уборка снега | C73: 210.92 | E73: вятавтодор + Вятка -промальп + ИП Смердов ДВ
A74: 2.5.10. | B74: Обслуживание прачечного оборудования ремонт стиральных машин | C74: 81.75 | E74: Медресурс -Пермь ООО + ИП Репина
A75: 2.5.11.
A76: 2.5.12.
A77: 2.5.13.
A78: 2.6 | B78: Расходы на прочие работы, в том числе: | C78: =SUM(C79:C94) -> 2962.798
A79: 2.6.1 | B79: Установка и монтаж локальных вычислительных сетей, систем охранной и пожарной сигнализации, видеонаблюдения | C79: 176 | E79: Аргус - 2 суммы(12000,00+164000,00)
A80: 2.6.2 | B80: услуги вневедомственной (в том числе пожарной) охраны | C80: 33.82 | E80: УВО ВНГ России
A81: 2.6.3 | B81: Обучение сотрудников(повышение квалификации по ПБ, обучение по противодействию коррупции) | C81: 33.4 | E81: АНО ДПО СОЮЗ Технология + ВЯТГУ+Кир.мед.колледж
A82: 2.6.4 | B82: Услуги по измерению параметров микроклимата | C82: 17.2 | E82: Центр гигиены и эпид.
A83: 2.6.5 | B83: Услуги по проведению периодического мед.осмотра | C83: 294 | E83: МЕДЭКСПЕРТ ООО
A84: 2.6.6 | B84: Услуги по проведению первичного мед.осмотра | C84: 49.65 | E84: Терра Мед
A85: 2.6.7. | B85: услуги в области информационных технологий (расшифровать):1С, СБиС, Гарант, Партнер-Персонал | C85: 445.96 | E85: ДОК+Регион-Цит(ГАРАНТ)+СБИС Вятка+Партнер(ИП Шалыгин)+ Шихале Игорь(1С)
A86: 2.6.8. | B86: Услуги Консультант плюс | C86: 87.9 | E86: Консультант Киров
A87: 2.6.9. | B87: Услуги по ремону диванов | C87: 45 | E87: ИП Метелева О.Д.
A88: 2.6.10. | B88: Перезарядка огнетушителей | C88: 18.65 | E88: ФГП ВО ЖДТ
A89: 2.6.11 | B89: Услуги автовышки | C89: 20.6 | E89: ИП Кочуров+ АТХ АО
A90: 2.6.12. | B90: Услуги по метрологии | C90: 8.388 | E90: Кировский ЦСМ
... A94: 2.6.16. | B94: Услуги по разработке проектно-сметной документации | C94: 1662.14 | E94: Сервис безопасности + Ситэкс+ Электрум Эксперт+ стройпрофи
A95: 2.7 | B95: Расходы на приобретение сырья и материалов (иные, чем в прямых расходах): | C95: =SUM(C96:C103) -> 1752.36
A96: 2.7.1 | B96: Средства индивидуальной защиты (перчатки, защитные костюмы, маски) | C96: 787.9 | E96: ВИСТ,ГРАНД ООО МПП, ИП Космиков МС, ОМЕЛА, ФОРУМ ООО, ИП Тужина, Компания пожарное оснащение
A97: 2.7.2. | B97: Стройматериалы | C97: 270.12 | E97: ИП Ездаков, Химторг, Алтай сервис
A98: 2.7.3. | B98: Электротовары | C98: 76.09 | E98: БУРАН СБ ООО, ИП Орлов СИ, Кристалл Электро, Офис и стиль
A99: 2.7.4. | B99: Хозтовары(садовые инструменты, карнизы металлические, салфетки вискозные, мешки для мусора и т.п.) | C99: 381.48 | E99: Вязьма_Прикамье, ИП Метелева, Офис и стиль, Перспектива ООО, Стайл, Верда ООО, ИП Разумова, ИП Касьянов, ИП Шеромова, Ип Гагаринов, ИП Петровых
A100: 2.7.5. | B100: Хозяйственное оборудование(замена расходомера, болт шнека, бак) | C100: 59 | E100: ИП Корепанов+ Стройбат+ Стайл (бак пищевой)
A101: 2.7.6 | B101: Шторы, зеркало | C101: 39.18 | E101: ИП Аксенов + Химторг
A102: 2.7.7. | B102: Пожарные знаки, план эвакуации, материалы системы ОПС | C102: 68.15 | E102: ИП Палкина ЕА + Сервис безопасности + РУБЕЖ-М ООО
A103: 2.7.8 | B103: Автошина с диском | C103: 70.44 | E103: МОТОРАВТО АО
A104: 2.8 | B104: Горюче-смазочные материалы | C104: 397.62 | E104: Чепецкнефтепродукт + Киров-Нефть
A105: 2.9 | B105: Расходы на канцелярские принадлежности | C105: 224.14 | E105: ИП Шабалин, АВАНТЕ,ИП Гагаринов, ИП Калинин, Офис и стиль, Область печати
A106: 2.10 | B106: Прочие расходы, в том числе: | C106: =SUM(C107:C114) -> 4135.19
A107: 2.10.1 | B107: Налоги (расшифровать):
A108: 2.10.1.1 | B108: Налог на имущество | C108: 3317.39
A109: 2.10.1.2. | B109: Земельный налог | C109: 639.73
A110: 2.10.1.3. | B110: Транспортный налог | C110: 18.39
A111: 2.10.2 | B111: Государственная пошлина | C111: 15.35
A112: 2.10.3 | B112: Иные платежи (расшифровать):
B113: штрафы | C113: 10.2
B114: пени | C114: 134.13
A115: 3 | B115: Коэффициент косвенных расходов (гр.2/гр.1) | C115: =C52/C10 -> 0.76646072
